 Dungeon Crawl Stone Soup version 0.31.0-12-g77e489cdc1 (webtiles) character file.

Game seed: 12511868727081199289

2815685 Hi5aMiFi the Annihilator (level 27, 273/273 HPs)
             Began as a White Draconian Air Elementalist on Feb 16, 2024.
             Was the Champion of Vehumet.
             Escaped with the Orb
             ... and 6 runes on Feb 27, 2024!
             The game lasted 14:48:28 (148443 turns).

Hi5aMiFi the Annihilator (DrAE)                   Turns: 148443, Time: 14:48:29

Health: 273/273    AC: 20    Str: 10    XL:     27
Magic:  54/54      EV: 13    Int: 41    God:    Vehumet [******]
Gold:   3908       SH: 20    Dex: 13    Spells: 17/80 levels left

rFire   + + +        p - staff "Eviscerator" {rPois rC+ Will+ Dex+2 Conj Ice}
rCold   + + +        c - +5 kite shield {rF+}
rNeg    + + +        (body armour unavailable)
rPois   +            I - +2 hat "Qantaf" {rF+ Regen+ Slay-6 Stlth+}
rElec   +            i - scarf {rC+ rF+}
rCorr   .            U - +2 pair of gloves
SInv    +            Q - +1 pair of boots of Wogug {^Drain +Inv rElec}
Will    ++++.        S - amulet of magic regeneration
Stlth   +            l - ring "Coudda" {rElec rN+ Will+ Int+3}
HPRegen 1.45/turn    x - ring of Ruynegy {rN++ Int+7 SInv}
MPRegen 0.74/turn

%: clarity
@: hasted, studying 6 skills, very quick
A: breathe frost, AC +13, unfitting armour, cold resistance 2, cold-blooded,
antennae 1, clarity, screaming 1, wild magic 1
0: Orb of Zot
}: 6/15 runes: barnacled, slimy, silver, demonic, fiery, gossamer
a: Breathe Frost, Renounce Religion, Evoke Invisibility


You escaped.
You worshipped Vehumet.
Vehumet was exalted by your worship.
You visited 13 branches of the dungeon, and saw 57 of its levels.
You visited Pandemonium 4 times, and saw 18 of its levels.
You visited the Abyss 1 time.
You completed 1 ziggurat, and saw 27 of its levels.
You also visited: Trove, Gauntlet and Wizlab.

You collected 14530 gold pieces.
You spent 10622 gold pieces at shops.

Inventory:

Missiles
 b - 12 throwing nets
 g - 22 javelins (quivered)
 s - 26 silver javelins
 w - 15 darts of dispersal
 y - 48 boomerangs
Armour
 c - a +5 kite shield of fire resistance (worn)
 i - a scarf of resistance (worn)
 I - the +2 hat "Qantaf" (worn) {rF+ Regen+ Slay-6 Stlth+}
   (You acquired it on level 21 of a ziggurat)

   Slay-6:    It affects your accuracy & damage with ranged weapons and melee
   (-6).
   rF+:       It protects you from fire.
   Regen+:    It increases your rate of health regeneration.
   Stlth+:    It makes you more stealthy.
 Q - the +1 pair of boots of Wogug (worn) {^Drain +Inv rElec}
   (You found it on level 15 of a ziggurat)

   rElec:     It insulates you from electricity.
   +Inv:      It lets you turn invisible.
   ^Drain:    It drains your maximum health when unequipped.
 U - a +2 pair of gloves (worn)
Magical Staves
 p - the staff "Eviscerator" (weapon) {rPois rC+ Will+ Dex+2 Conj Ice}
   (You found it on level 3 of the Elven Halls)

   [staff of cold]

   Base accuracy: +5 Base damage: 5 Base attack delay: 1.2 This weapon's minimum
   attack delay (0.6) is reached at skill level 12.
   Dex+2:     It affects your dexterity (+2).
   rC+:       It protects you from cold.
   rPois:     It protects you from poison Will+: It increases your willpower.
   Conj:      It increases the power of your Conjurations spells.
   Ice:       It increases the power of your Ice spells.
   It falls into the 'Staves' category.
   It is a one-handed weapon.
Jewellery
 l - the ring "Coudda" (left hand) {rElec rN+ Will+ Int+3}
   (You bought it in a shop on level 1 of the Elven Halls)

   [ring of positive energy]

   Int+3:     It affects your intelligence (+3).
   rElec:     It insulates you from electricity.
   rN+:       It protects you from negative energy.
   Will+:     It increases your willpower.
 t - the ring "Odibacri" {rF+ rCorr Str+6}
   (You bought it in a shop on level 2 of the Orcish Mines)

   [ring of resist corrosion]

   Str+6:     It affects your strength (+6).
   rF+:       It protects you from fire.
   rCorr:     It protects you from acid and corrosion.
 x - the ring of Ruynegy (right hand) {rN++ Int+7 SInv}
   (You found it on level 25 of a ziggurat)

   [ring of see invisible]

   Int+7:     It affects your intelligence (+7).
   rN++:      It greatly protects you from negative energy.
   SInv:      It lets you see invisible.
 z - the ring "Acrerch" {Will+ Int+6}
   (You bought it in a shop on level 1 of the Elven Halls)

   [ring of intelligence]

   Int+6:     It affects your intelligence (+6).
   Will+:     It increases your willpower.
 F - a ring of magical power
 L - the ring of the Monkey {Will+ Int+3 SInv}
   (You took it off a vault guard on level 5 of the Vaults)

   [ring of see invisible]

   Int+3:     It affects your intelligence (+3).
   Will+:     It increases your willpower.
   SInv:      It lets you see invisible.
 S - an amulet of magic regeneration (around neck)
 W - the ring of Liecem {rPois rC+ rCorr Int-5 Dex+6}
   (You found it on level 3 of the Crypt)

   [ring of dexterity]

   Int-5:     It affects your intelligence (-5).
   Dex+6:     It affects your dexterity (+6).
   rC+:       It protects you from cold.
   rPois:     It protects you from poison rCorr: It protects you from acid and
   corrosion.
Wands
 r - a wand of light (69)
 A - a wand of paralysis (140)
 M - a wand of digging (40)
 T - a wand of roots (173)
Scrolls
 h - 15 scrolls of revelation
 n - 43 scrolls of teleportation
 u - 3 scrolls of fear
 B - 22 scrolls of fog
 D - 10 scrolls of blinking
 E - 16 scrolls of immolation
 G - 17 scrolls of vulnerability
 H - 14 scrolls of silence
 P - 3 scrolls of summoning
Potions
 d - 8 potions of heal wounds
 e - a potion of resistance
 f - 29 potions of curing
 j - 22 potions of attraction
 k - 3 potions of enlightenment
 m - 12 potions of cancellation
 o - 6 potions of haste
 q - 14 potions of lignification
 C - 8 potions of brilliance
 J - 7 potions of might
 K - 7 potions of ambrosia
 V - 6 potions of magic
 X - 2 potions of invisibility
 Z - 33 potions of mutation
Miscellaneous
 a - a tin of tremorstones (2/2)
 v - a box of beasts
 N - a lightning rod (4/4)
 O - the horn of Geryon
 R - a +1 figurine of a ziggurat
 Y - a phantom mirror


   Skills:
 O Level 27 Fighting
 - Level 12.0 Staves
 + Level 19.7 Throwing
 - Level 5.0 Dodging
 - Level 1.7 Stealth
 - Level 21.4 Shields
 O Level 27 Spellcasting
 O Level 27 Conjurations
 - Level 3.0 Summonings
 - Level 10.0 Necromancy
 - Level 3.0 Translocations
 O Level 27 Ice Magic
 O Level 27 Air Magic
 - Level 3.0 Alchemy
 O Level 27 Evocations


You had 17 spell levels left.
You knew the following spells:

 Your Spells              Type           Power      Damage    Failure   Level
a - Arcjolt               Conj/Air       88%        1d98      1%          5
b - Orb of Destruction    Conj           88%        9d19      1%          7
c - Swiftness             Air            100%       N/A       1%          3
d - Freezing Cloud        Conj/Ice/Air   100%       6-21      1%          5
e - Chain Lightning       Conj/Air       88%        3d118     1%          9
f - Polar Vortex          Ice            88%        12d11*    1%          9
g - Ozocubu's Refrigerat  Ice            88%        4d27      1%          7
h - Maxwell's Capacitive  Air            75%        ∞         1%          8
i - Blink                 Tloc           100%       N/A       1%          2
j - Sublimation of Blood  Necr           100%       N/A       1%          2
k - Apportation           Tloc           100%       N/A       1%          1
l - Irradiate             Conj/Alch      74%        3d36      1%          5

Your spell library contained the following spells:

 Spells                   Type           Power      Damage    Failure   Level
 Foxfire                  Conj/Fire      100%       2x1d9     1%          1
 Freeze                   Ice            100%       1d10      1%          1
 Kiss of Death            Conj/Necr      100%       2d13      1%          1
 Magic Dart               Conj           100%       1d8       1%          1
 Necrotise                Necr           100%       1d9       1%          1
 Shock                    Conj/Air       100%       1d9       1%          1
 Slow                     Hex            100%       N/A       1%          1
 Sting                    Conj/Alch      100%       1d9       1%          1
 Summon Small Mammal      Summ           100%       N/A       1%          1
 Call Imp                 Summ           100%       N/A       1%          2
 Cigotuvi's Dreadful Rot  Necr/Alch/Air  100%       N/A       1%          2
 Ensorcelled Hibernation  Hex/Ice        100%       N/A       1%          2
 Jinxbite                 Hex            100%       N/A       1%          2
 Lesser Beckoning         Tloc           100%       N/A       1%          2
 Mercury Vapours          Alch/Air       100%       N/A       1%          2
 Momentum Strike          Conj/Tloc      100%       3d10      1%          2
 Searing Ray              Conj           100%       2d8       1%          2
 Static Discharge         Conj/Air       100%       3-8/arc   1%          2
 Call Canine Familiar     Summ           81%        N/A       1%          3
 Dazzling Flash           Conj/Hex       100%       N/A       1%          3
 Frozen Ramparts          Ice            100%       1d16      1%          3
 Fugue of the Fallen      Necr           100%       N/A       1%          3
 Gell's Gravitas          Tloc           81%        N/A       1%          3
 Hailstorm                Conj/Ice       100%       3d16      1%          3
 Inner Flame              Hex/Fire       64%        N/A       1%          3
 Mephitic Cloud           Conj/Alch/Air  100%       N/A       1%          3
 Ozocubu's Armour         Ice            100%       N/A       1%          3
 Stone Arrow              Conj/Erth      100%       3d13      1%          3
 Summon Ice Beast         Ice/Summ       100%       N/A       1%          3
 Teleport Other           Tloc           81%        N/A       1%          3
 Vampiric Draining        Necr           100%       2d13      1%          3
 Volatile Blastmotes      Fire/Tloc      100%       2d18      1%          3
 Airstrike                Air            75%        2d(11-27) 1%          4
 Anguish                  Hex/Necr       45%        N/A       1%          4
 Animate Dead             Necr           100%       N/A       1%          4
 Brom's Barrelling Bould  Conj/Erth      100%       2d11      1%          4
 Dispel Undead            Necr           100%       3d31      1%          4
 Flame Wave               Conj/Fire      100%       2d21      1%          4
 Fulminant Prism          Conj/Alch      74%        3d29      1%          4
 Ignite Poison            Fire/Alch      73%        N/A       1%          4
 Iskenderun's Mystic Bla  Conj/Tloc      100%       2d19      1%          4
 Martyr's Knell           Necr/Summ      96%        N/A       1%          4
 Olgreb's Toxic Radiance  Alch           81%        N/A       1%          4
 Sticky Flame             Fire/Alch      73%        2d12      1%          4
 Summon Lightning Spire   Summ/Air       100%       N/A       1%          4
 Vhi's Electric Charge    Tloc/Air       100%       N/A       1%          4
 Curse of Agony           Necr           100%       N/A       1%          5
 Fireball                 Conj/Fire      72%        3d27      1%          5
 Iskenderun's Battlesphe  Conj           100%       2d15      1%          5
 Metabolic Englaciation   Hex/Ice        72%        N/A       1%          5
 Silence                  Hex/Air        60%        N/A       1%          5
 Bombard                  Conj/Erth      72%        9d12      1%          6
 Conjure Ball Lightning   Conj/Air       88%        3x3d33    1%          6
 Plasma Beam              Fire/Air       60%        2x1d76    1%          6
 Sculpt Simulacrum        Ice/Alch       74%        N/A       1%          6
 Starburst                Conj/Fire      72%        6d19      1%          6
 Spellforged Servitor     Conj/Summ      74%        N/A       1%          7
 Confusing Touch          Hex            64%        N/A       2%          3
 Passwall                 Erth           64%        N/A       2%          3
 Sigil of Binding         Hex            64%        N/A       2%          3
 Tukima's Dance           Hex            64%        N/A       2%          3
 Manifold Assault         Tloc           81%        N/A       2%          4
 Passage of Golubria      Tloc           81%        N/A       2%          4
 Borgnjor's Vile Clutch   Necr/Erth      45%        N/A       2%          5
 Yara's Violent Unravell  Hex/Alch       36%        3d15      2%          5
 Death Channel            Necr           54%        N/A       2%          6
 Dimensional Bullseye     Hex/Tloc       36%        N/A       4%          4
 Leda's Liquefaction      Alch/Erth      36%        N/A       4%          4
 Petrify                  Alch/Erth      73%        N/A       4%          4
 Summon Blazeheart Golem  Fire/Summ      73%        N/A       4%          4
 Lee's Rapid Deconstruct  Erth           32%        3d16*     4%          5
 Lehudib's Crystal Spear  Conj/Erth      72%        10d16     4%          8
 Alistair's Intoxication  Alch           54%        N/A       5%          5
 Summon Forest            Summ/Tloc      40%        N/A       5%          5
 Cause Fear               Hex            32%        N/A       7%          4
 Eringya's Noxious Bog    Alch           40%        4d6       7%          6
 Summon Mana Viper        Hex/Summ       73%        N/A       10%         5
 Dispersal                Tloc           40%        N/A       26%         6
 Summon Cactus Giant      Summ           40%        N/A       26%         6
 Haunt                    Necr/Summ      48%        N/A       32%         7
 Fire Storm               Conj/Fire      72%        8d18      43%         9
 Borgnjor's Revivificati  Necr           54%        N/A       50%         8
 Malign Gateway           Summ/Tloc      40%        N/A       77%         7
 Monstrous Menagerie      Summ           40%        N/A       77%         7
 Summon Hydra             Summ           40%        N/A       77%         7
 Enfeeble                 Hex            32%        N/A       99%         7
 Ignition                 Fire           32%        3d10      99%         8
 Discord                  Hex            32%        N/A       100%        8
 Disjunction              Tloc           40%        N/A       100%        8
 Summon Horrible Things   Summ           40%        N/A       100%        8
 Death's Door             Necr           54%        N/A       100%        9
 Dragon's Call            Summ           40%        N/A       100%        9
 Shatter                  Erth           32%        3d26*     100%        9
 Animate Armour           Summ/Erth      Unusable   N/A       N/A         4

Dungeon Overview and Level Annotations

Branches:
Dungeon (15/15)            Temple (1/1) D:6            Lair (5/5) D:8
 Shoals (4/4) Lair:2       Spider (4/4) Lair:2        Slime (5/5) Lair:4
    Orc (2/2) D:10            Elf (3/3) Orc:2        Vaults (5/5) D:13
  Crypt (3/3) Vaults:2       Tomb (0/3) Crypt:3      Depths (4/4) D:15
   Hell (visited)             Dis (0/7) Hell            Geh (0/7) Hell
    Coc (0/7) Hell            Tar (0/7) Hell            Zot (5/5) Depths:4
 WizLab (visited)         Gauntlet (visited)

Altars:
Ashenzari
Cheibriados
Dithmenos
Elyvilon
Fedhas
Gozag
Hepliaklqana
Kikubaaqudgha
Makhleb
Nemelex Xobeh
Okawaru
Qazlal
Ru
Sif Muna
Trog
Uskayaw
Vehumet
Wu Jian
Xom
Yredelemnul
Zin
The Shining One
Jiyva

Shops:
D:3 !   D:5 ?   D:8 ?   D:9 :   D:10 [   D:15 !   Orc:2 (!=?[(   Elf:1 !==:
Shoals:1 *   Vaults:1 *:(   Vaults:3 (

Portals:
Hell: Depths:1 Depths:2 Depths:3 Depths:4
Abyss: Depths:3
Pandemonium: Orc:2 Depths:2 Depths:3 Depths:4


Innate Abilities, Weirdness & Mutations

You can breathe waves of freezing cold which knock back foes.
Your icy white scales are hard. (AC +13)
You cannot fit into any form of body armour.
Your flesh is very cold resistant. (rC++)
You are cold-blooded and may be slowed by cold attacks.
You have a pair of small antennae on your head.
You possess an exceptional clarity of mind.
You occasionally shout uncontrollably at your foes.
Your spells are a little harder to cast, but a little more powerful.


Message History

Aiming: Dig
Press: ? - help, Shift-Dir - straight line This square is covered in magical glow.
The rock shatters into small pieces.
A Qicaboa and a lich come into view.
Blink to where?
Press: ? - help, Dir - move target An ancient lich comes into view.
As you read the scroll of blinking, it crumbles to dust.
The ancient lich shouts!
The lich shouts!
Unknown command.
Unknown command.
You climb upwards.
There is a stone staircase leading down here.
There is a stone staircase leading up here.
You climb upwards.
There is a stone staircase leading down here.
There is a stone staircase leading up here.
You climb upwards.
There is a stone staircase leading down here.
Aiming: Dig
Press: ? - help, Shift-Dir - straight line A rock wall.
This square is covered in magical glow.
The rock shatters into small pieces.
Blink to where?
Press: ? - help, Dir - move target
As you read the scroll of blinking, it crumbles to dust.
Aiming: Dig
Press: ? - help, Shift-Dir - straight line This square is covered in magical glow.
The rock shatters into small pieces.
Okay, then.
Blink to where?
Press: ? - help, Dir - move target
As you read the scroll of blinking, it crumbles to dust.
Blink to where?
Press: ? - help, Dir - move target
As you read the scroll of blinking, it crumbles to dust.
You have escaped!

#.##.# #.'###.# #.###.##
#.##.# #.###.# #......#
##.##.## #§.##.#######..#
.......# ##.###..........#
##.###.# ##...###########.#
#.###.## #.....# #.#
#.##...#####.#### #.#
#.......# ##.##8##### ###.#
###.....###.§..@....###...#
####....##.............#####
.......##...............##
####..##.................#
#####.......####......##
#......### ###...§.#
#.....## ##..§§# #..§.##
##.§§# ##§§§§# #.§§##


There were no monsters in sight!

Vanquished Creatures
  Cerebov (Pan)
  the Royal Jelly (Slime:5)
  A seraph (Pan)
  15 dread liches
  Mara (Vaults:2)
  7 orbs of fire
  9 ancient liches
  Parghit (Zot:4)
  20 Killer Klowns
  Boris (twice) (Vaults:1 Crypt:1)
  Bai Suzhen (Vaults:4)
  4 curse toes
  2 caustic shrikes (Zig:16)
  Geryon (Hell)
  Saint Roka (Vaults:1)
  Nikola (Vaults:2)
  30 pandemonium lords
  17 golden dragons
  Norris (Depths:3)
  10 pearl dragons
  2 bone dragons
  Jory (Crypt:1)
  A doom hound (Crypt:1)
  16 Tzitzimimeh (Pan)
  The ghost of spaghetti the Crack Shot, an adept DsHu of Cheibriados (Vaults:4)
  An iron giant (Zig:5)
  2 electric golems (Zot:5)
  16 Brimstone Fiends
  22 tentacled monstrosities
  Mlioglotl (Spider:4)
  11 Ice Fiends (Pan)
  Rupert (Lair:3)
  11 Hell Sentinels
  12 hellephants
  10 liches
  17 deep elf master archers
  A sphinx (shapeshifter) (Zig:23)
  A walking earthen tome (Depths:2)
  5 titans
  7 quicksilver dragons
  Murray (Hell)
  26 Orb Guardians (Zot:5)
  12 sphinxes
  A kraken (Shoals:2)
  The ghost of jimmypageman the Executioner, an adept MiFi of Okawaru (Spider:4)
  26 deep elf blademasters
  An eldritch tentacle (Zig:23)
  An ancient champion (Crypt:2)
  24 acid blobs
  21 Executioners (Pan)
  10 death cobs
  15 searing wretches
  13 shadow dragons
  Agnes (Elf:2)
  5 tentacled starspawn
  2 thorn hunters (Zig:20)
  10 tengu reavers
  16 storm dragons
  Donald (Spider:1)
  A shadow dragon (shapeshifter) (Zig:15)
  3 revenants
  11 fire giants
  2 azure jellies (shapeshifter)
  21 protean progenitors
  10 draconian monks
  17 demonspawn warmongers (Pan)
  23 azure jellies
  3 fenstrider witches (Zig:20)
  26 daevas
  A fire giant (shapeshifter) (Depths:3)
  An iron dragon (shapeshifter) (Zig:23)
  19 rockslimes
  28 ghost moths
  6 deep elf sorcerers
  7 draconian knights
  9 emperor scorpions
  9 draconian scorchers
  10 frost giants
  3 iron dragons
  10 draconian shifters
  2 curse skulls
  69 balrugs
  A spectral juggernaut (Crypt:1)
  6 deep elf elementalists
  15 vault wardens
  6 ghouls
  30 reapers
  6 draconian stormcallers
  12 quicksilver oozes
  36 angels
  10 demonspawn corrupters (Pan)
  21 cacodemons
  9 draconian annihilators
  11 broodmothers
  16 orc warlords
  22 very ugly things
  23 ironbound preservers
  A formless jellyfish (shapeshifter) (Zig:23)
  A juggernaut skeleton (Crypt:3)
  A spriggan defender (Depths:2)
  11 demonspawn blood saints (Pan)
  28 ophanim
  26 stone giants
  8 ironbound thunderhulks
  9 formless jellyfish
  21 deep elf demonologists
  A stone giant (shapeshifter) (Zig:9)
  8 demonspawn black suns (Pan)
  11 black draconians
  34 apis
  2 vampire knights
  27 deep elf annihilators
  13 dire elephants
  23 lorocyprocas (Pan)
  9 green draconians
  21 war gargoyles
  A spectral titan (Crypt:1)
  5 eleionomae (Zig:20)
  12 yellow draconians
  2 bunyips (Zig:20)
  12 deep elf death magi
  13 white draconians
  6 spark wasps
  A minotaur (Gauntlet)
  13 red draconians
  16 ettins
  13 purple draconians
  Snorg (D:11)
  3 eidola
  A crystal guardian (Hell)
  The ghost of Banquo the Fighter, a journeyman DjAE of Gozag (Lair:3)
  14 green deaths
  4 merfolk javelineers
  13 blizzard demons
  14 entropy weavers
  An ettin (shapeshifter) (Zig:9)
  10 jiangshi
  16 deep elf high priests
  12 merfolk impalers
  9 fire dragons
  22 yaktaur captains
  11 great orbs of eyes
  A shambling mangrove (Zig:20)
  13 hydras
  8 ice dragons
  A fenstrider witch zombie (Crypt:1)
  A spectral fenstrider witch (Crypt:1)
  6 ogre magi
  A spriggan zombie (Abyss:1)
  6 ironbound frosthearts
  8 rakshasas
  2 spriggan air magi
  35 vault guards
  3 alligator snapping turtles
  5 catoblepae
  3 demonspawn (Orc:2)
  2 ghost crabs (Zig:20)
  3 salamander tyrants
  8 hell beasts
  2 caustic shrike simulacra (Vaults:4)
  2 merfolk avatars
  2 peacekeepers
  2 alligators (Zig:20)
  5 boulder beetles
  7 centaur warriors
  Erica (D:11)
  A jorogumo (Zig:23)
  3 stokers
  A fenstrider witch skeleton (Crypt:1)
  6 merfolk aquamancers
  2 two-headed ogres (shapeshifter)
  A catoblepas (shapeshifter) (Depths:3)
  10 two-headed ogres
  5 radroaches
  78 dancing weapons
  An alligator snapping turtle (shapeshifter) (Zig:15)
  3 satyrs
  12 tengu warriors
  34 demonic crawlers
  3 hell hogs
  5 deep troll shamans
  A sphinx skeleton (Crypt:2)
  7 vampire magi
  3 spectral dire elephants (Crypt:1)
  2 deep troll earth magi (Vaults:5)
  A torpor snail (shapeshifter) (Depths:3)
  7 death yaks
  186 sun demons
  22 orc high priests
  2 spectral nagas (Crypt:1)
  2 thrashing horrors (Abyss:1)
  40 deep elf knights
  A jorogumo (shapeshifter) (Depths:3)
  24 hell knights
  2 spriggan berserkers
  4 shock serpents
  4 spriggans
  Sonja (D:11)
  52 soul eaters
  A crystal echidna (Hell)
  8 fire crabs
  4 shadow wraiths
  A skyshark (shapeshifter) (Zig:24)
  A titan skeleton (Crypt:3)
  13 iron trolls
  A spectral bunyip (Crypt:1)
  4 wretched stars (Abyss:1)
  8 pharaoh ants
  12 skysharks
  16 sea snakes
  23 skeletal warriors
  2 goliath frogs (Zig:20)
  35 sixfirhies
  A spriggan druid (Zig:16)
  A glowing orange brain (shapeshifter) (Vaults:5)
  A bunyip zombie (Crypt:1)
  5 glowing orange brains
  20 shadow demons (Pan)
  30 cherubim
  52 large abominations
  A death drake (shapeshifter) (Zig:23)
  7 flayed ghosts
  4 obsidian statues (Depths:3)
  3 death drakes
  19 sun moths
  12 phantasmal warriors
  8 arcanists
  12 orb spiders
  14 lindwurms
  5 mana vipers
  An iron giant skeleton (Crypt:3)
  20 ironbound convokers
  A lindwurm (shapeshifter) (Zig:23)
  11 steelbarb worms
  3 swamp dragons
  A deep troll (shapeshifter) (Depths:3)
  2 starcursed masses (Abyss:1)
  4 orange crystal statues
  53 deep trolls
  A bunyip skeleton (Crypt:3)
  2 tengu zombies
  4 lightning spires (Vaults:4)
  2 steelbarb worms (shapeshifter)
  33 deep elf archers
  11 necromancers
  15 orc knights
  A harpy (shapeshifter) (Zig:23)
  An anaconda skeleton (Crypt:3)
  8 shining eyes
  An oklob plant (Spider:3)
  10 harpies
  A faun (shapeshifter) (Zig:12)
  21 orc sorcerers
  48 deep elf pyromancers
  43 deep elf zephyrmancers
  A shining eye (shapeshifter) (Zig:23)
  A shadow dragon skeleton (Hell)
  24 manticores
  A cyclops (shapeshifter) (D:15)
  25 wolf spiders
  8 will-o-the-wisps
  32 ugly things
  A frost giant zombie (Vaults:2)
  2 spectral centaurs (Crypt:1)
  A wolf spider (shapeshifter) (Vaults:5)
  16 fauns
  An alligator skeleton (Abyss:1)
  12 cyclopes
  4 dire elephant zombies
  3 worldbinders (Vaults:4)
  35 moths of wrath
  An elephant (shapeshifter) (Vaults:5)
  A formless jellyfish zombie (Crypt:2)
  22 vault sentinels
  8 apocalypse crabs
  14 elephants
  6 kobold blastminers (Orc:2)
  A centaur zombie (Hell)
  A water nymph (shapeshifter) (Vaults:5)
  10 meliai
  11 molten gargoyles
  3 rust devils
  Joseph (Lair:1)
  3 ice statues
  14 merfolk sirens
  3 naga magi
  A dire elephant skeleton (Crypt:2)
  2 guardian serpents
  95 smoke demons
  8 water nymphs
  A moth of wrath (shapeshifter) (Depths:3)
  10 torpor snails
  26 orange demons
  12 black mambas
  8 eyes of devastation
  9 gargoyles
  19 cane toads
  2 centaur skeletons (Crypt:3)
  An eye of devastation (shapeshifter) (Depths:3)
  11 hellions
  37 tormentors
  Jeremiah (D:9)
  18 efreet
  A minotaur zombie (Gauntlet)
  An unseen horror (D:12)
  A pale draconian zombie (Crypt:2)
  8 freezing wraiths
  23 yaktaurs
  7 rime drakes
  4 ice devils
  2 human skeletons
  A sea snake zombie (Hell)
  15 komodo dragons
  A human zombie (Vaults:2)
  A tengu conjurer (Depths:1)
  4 guardian mummies
  An anaconda simulacrum (Hell)
  2 spectral harpies (Crypt:1)
  2 bunyip simulacra (Vaults:4)
  A hydra zombie (Hell)
  3 ancient zymes
  37 merfolk
  A bloated husk (Zig:20)
  A golden dragon simulacrum (Vaults:4)
  3 merfolk (shapeshifter)
  A sea snake skeleton (Hell)
  14 hellwings (Pan)
  16 red devils
  8 trolls
  A tyrant leech (Zig:20)
  A sun moth zombie (Crypt:1)
  A polar bear (shapeshifter) (Elf:3)
  4 polar bears
  6 hornets
  A harpy zombie (Hell)
  8 wind drakes
  A harpy skeleton (Crypt:3)
  41 tarantellas
  An alligator simulacrum (Hell)
  5 raiju
  A dream sheep (shapeshifter) (Zig:23)
  4 hydra skeletons
  A snapping turtle (shapeshifter) (Zig:25)
  10 dream sheep
  A culicivora zombie (Crypt:1)
  2 black mamba zombies
  17 blink frogs
  5 snapping turtles
  Sigmund (D:5)
  6 glass eyes
  A fire dragon skeleton (Crypt:1)
  171 slime creatures
  31 jumping spiders
  A naga simulacrum (Abyss:1)
  20 culicivoras
  11 air elementals
  A culicivora (shapeshifter) (Elf:2)
  71 yaks
  95 ynoxinuls
  4 shadows (Crypt:3)
  32 water elementals
  A yak (shapeshifter) (Elf:3)
  5 ettin skeletons
  A centaur simulacrum (D:15)
  An ushabti (Crypt:3)
  2 spriggans (shapeshifter) (Zig:23)
  18 humans (D:13)
  2 vampires
  4 wraiths
  9 wyverns
  11 fire elementals
  Grum (D:11)
  11 golden eyes
  47 redbacks
  9 basilisks
  36 neqoxecs (Pan)
  7 wargs
  47 chaos spawn
  Menkaure (D:3)
  A harpy simulacrum (Crypt:1)
  2 swamp worms (shapeshifter)
  8 acid dragons
  2 hydra simulacra
  A naga (Zig:1)
  21 water moccasins
  2 naga zombies (Hell)
  A fire bat skeleton (Crypt:2)
  A glowing shapeshifter skeleton (Crypt:1)
  A swamp drake (Lair:5)
  A dream sheep zombie (Crypt:2)
  62 orc warriors
  3 sky beasts
  2 ice beasts
  A black bear (shapeshifter) (Zig:26)
  2 black bears
  14 ogres
  5 small abominations (Abyss:1)
  7 wolves
  19 laughing skulls
  13 centaurs
  7 boggarts
  An ogre (shapeshifter) (Zig:26)
  8 kobold brigands
  A rime drake skeleton (Crypt:1)
  4 brain worms (Pan)
  A draconian skeleton (Crypt:1)
  18 earth elementals
  7 bullfrogs
  A gnoll sergeant (D:9)
  A necrophage (Crypt:1)
  2 scorpions
  6 wights
  13 killer bees
  2 snapping turtle simulacra (Vaults:4)
  15 electric eels
  3 bombardier beetles
  A howler monkey (D:14)
  A crimson imp (D:10)
  4 lava snakes
  A quasit (Abyss:1)
  A gnoll bouda (D:5)
  5 jellies
  34 orc priests
  5 hounds
  An iron imp (Abyss:1)
  A sleepcap (D:7)
  5 hell rats (Hell)
  11 iguanas
  21 orc wizards
  A killer bee zombie (Crypt:1)
  A crocodile skeleton (Crypt:2)
  6 mummies (Crypt:3)
  12 gnolls
  13 adders
  A river rat (Lair:1)
  2 shadow imps
  A white imp (D:8)
  2 ufetubi (Abyss:1)
  An adder zombie (Crypt:2)
  A ribbon worm (D:5)
  84 orcs
  3 bats
  7 endoplasms
  8 giant cockroaches
  6 goblins
  8 hobgoblins
  8 jackals
  3 quokkas
  4 ball pythons
  A frilled lizard (D:1)
  A jackal skeleton (D:3)
  36 kobolds
  4 rats
  37 aspiring fleshes
  2 ball lightnings (Depths:3)
  A butterfly (Lair:3)
  2 lurking horrors (Pan)
  3 starspawn tentacles (Abyss:1)
4787 creatures vanquished.

Vanquished Creatures (collateral kills)
  A bone dragon (Abyss:1)
  A broodmother (Zig:23)
  A soul eater (Hell)
  A sun demon (Pan)
  A shadow demon (Pan)
  2 elephants (Lair:1)
  A yak (Lair:2)
  The ghost of jimmypageman the Shield-Bearer, an amateur MiFi of Okawaru (D:3)
  A bullfrog (Lair:3)
  A hound zombie (D:3)
  A white imp (Abyss:1)
12 creatures vanquished.

Vanquished Creatures (others)
  A Killer Klown (Zig:23)
  A green death (Pan)
  A stoker (Zig:6)
  A sun demon (Pan)
  A mana viper (Zig:15)
  An apocalypse crab (Zig:15)
  A harpy zombie (Hell)
  An air elemental (Depths:3)
  A water elemental (Zig:26)
  A chaos spawn (Pan)
  An aspiring flesh (Zig:15)
  15 ball lightnings
  A fire vortex (Zig:15)
  4 foxfires (Vaults:4)
  3 starspawn tentacles (Abyss:1)
34 creatures vanquished.

Grand Total: 4833 creatures vanquished

Notes
Turn   | Place    | Note
-------+----------+-------------------------------------------
     0 | D:1      | Hi5aMiFi the Draconian Air Elementalist began the quest for
                  | the Orb.
     0 | D:1      | Reached XP level 1. HP: 14/14 MP: 3/3
   513 | D:1      | Reached XP level 2. HP: 20/20 MP: 3/5
   519 | D:1      | Learned a level 2 spell: Static Discharge
  1555 | D:2      | Reached XP level 3. HP: 25/26 MP: 0/6
  1612 | D:1      | Learned a level 3 spell: Swiftness
  2312 | D:2      | Reached XP level 4. HP: 32/33 MP: 0/8
  2653 | D:3      | Noticed Menkaure
  2653 | D:3      | Found a basalt altar of Yredelemnul.
  2865 | D:3      | Noticed jimmypageman's ghost (amateur MiFi)
  2867 | D:3      | Found a runed translucent door.
  2919 | D:3      | Found Vewill's Distillery.
  2965 | D:3      | Bought a potion of heal wounds for 60 gold pieces
  3213 | D:3      | Found a transporter.
  3218 | D:3      | Reached XP level 5. HP: 36/38 MP: 0/9
  3431 | D:3      | Found an ancient bone altar of Kikubaaqudgha.
  3433 | D:3      | Found a transporter.
  3782 | D:4      | Identified the +6 falchion "Taati" {protect, *Rage rCorr
                  | Int+3}
  4286 | D:4      | Reached XP level 6. HP: 42/45 MP: 5/10
  4620 | D:4      | Found a bloodstained altar of Trog.
  4701 | D:4      | Reached skill level 5 in Air Magic
  5534 | D:5      | Entered Level 5 of the Dungeon
  5534 | D:5      | Noticed Sigmund
  5539 | D:5      | Killed Sigmund
  5540 | D:5      | Reached skill level 5 in Conjurations
  5540 | D:5      | Your scales start taking on an icy white colour.
  5540 | D:5      | Reached XP level 7. HP: 32/50 MP: 0/11
  5540 | D:5      | Gained mutation: Your flesh is cold resistant. (rC+) [White
                  | Draconian growth]
  5634 | D:5      | Reached skill level 1 in Ice Magic
  5745 | D:3      | Bought a potion of haste for 120 gold pieces
  6097 | D:5      | Found Vod Qacra's Magic Scroll Shop.
  6159 | D:5      | Bought a scroll of identify for 24 gold pieces
  6321 | D:6      | Found a staircase to the Ecumenical Temple.
  6339 | Temple   | Entered the Ecumenical Temple
  6417 | D:6      | Reached skill level 5 in Ice Magic
  6744 | D:6      | Reached XP level 8. HP: 51/57 MP: 5/12
  7755 | D:3      | Bought a potion of heal wounds for 60 gold pieces
  8274 | D:5      | Found a radiant altar of Vehumet.
  8274 | D:5      | Found a broken altar of Ashenzari.
  8322 | D:5      | Became a worshipper of Vehumet
  8368 | D:5      | Found a hide-covered altar of Uskayaw.
  8559 | D:3      | Bought a potion of degeneration for 12 gold pieces
  9060 | D:6      | Found a blossoming altar of Fedhas.
  9274 | D:6      | Found a stormy altar of Qazlal.
  9561 | D:7      | Noticed a two-headed ogre
  9630 | D:7      | Reached skill level 1 in Evocations
  9630 | D:7      | Reached XP level 9. HP: 58/62 MP: 15/15
 10015 | D:7      | Found an ornate altar of the Wu Jian Council.
 10074 | D:7      | Learned a level 5 spell: Freezing Cloud
 10200 | D:8      | Found a staircase to the Lair.
 10211 | D:8      | Reached skill level 5 in Spellcasting
 10398 | D:8      | Learned a level 3 spell: Summon Ice Beast
 10552 | D:8      | Reached * piety under Vehumet
 10552 | D:8      | Offered knowledge of Freeze by Vehumet.
 10687 | D:8      | Reached skill level 1 in Summonings
 10687 | D:8      | Reached XP level 10. HP: 69/69 MP: 15/17
 11660 | D:7      | Killed a two-headed ogre
 11661 | D:7      | Reached skill level 10 in Ice Magic
 11860 | D:3      | Killed Menkaure
 12029 | D:3      | Killed jimmypageman's ghost
 12030 | D:3      | Reached skill level 10 in Conjurations
 12510 | D:8      | Found Dier's Magic Scroll Emporium.
 12513 | D:8      | Bought a scroll of identify for 24 gold pieces
 12513 | D:8      | Bought a scroll of identify for 24 gold pieces
 12513 | D:8      | Bought a scroll of identify for 24 gold pieces
 12516 | D:8      | Bought a scroll of revelation for 90 gold pieces
 12516 | D:8      | Bought a scroll of fear for 48 gold pieces
 12836 | Lair:1   | Entered Level 1 of the Lair of Beasts
 12838 | Lair:1   | Noticed an elephant
 12840 | Lair:1   | Noticed an elephant
 12840 | Lair:1   | Noticed an elephant
 12840 | Lair:1   | Noticed an elephant
 12840 | Lair:1   | Noticed an elephant
 12844 | Lair:1   | Killed an elephant
 12848 | Lair:1   | Killed an elephant
 12849 | Lair:1   | Reached skill level 1 in Fighting
 12850 | Lair:1   | Killed an elephant
 12853 | Lair:1   | Killed an elephant
 12857 | Lair:1   | Killed an elephant
 13027 | Lair:1   | Learned a level 4 spell: Airstrike
 13270 | Lair:1   | Noticed a cane toad
 13275 | Lair:1   | Killed a cane toad
 13276 | Lair:1   | Reached XP level 11. HP: 72/81 MP: 17/19
 13576 | Lair:1   | Noticed Joseph
 13580 | Lair:1   | Killed Joseph
 14163 | Lair:1   | Offered knowledge of Foxfire by Vehumet.
 14173 | Lair:1   | Reached ** piety under Vehumet
 15105 | Lair:2   | Offered knowledge of Searing Ray by Vehumet.
 15241 | Lair:2   | Found a hole to the Spider Nest.
 15254 | Lair:2   | Reached XP level 12. HP: 89/89 MP: 19/22
 15493 | D:5      | Bought a scroll of enchant armour for 90 gold pieces
 15919 | Lair:2   | Reached *** piety under Vehumet
 16150 | Lair:2   | Found a staircase to the Shoals.
 16227 | Lair:2   | Noticed a seven-headed hydra
 16240 | Lair:2   | Killed a seven-headed hydra
 16796 | Lair:3   | Reached skill level 10 in Air Magic
 16961 | Lair:3   | Identified the +5 short sword of Defence {flame, *Slow
                  | Will+ Int+3}
 17362 | Lair:3   | Noticed a death yak
 17362 | Lair:3   | Noticed a death yak
 17362 | Lair:3   | Noticed a death yak
 17363 | Lair:3   | Noticed a death yak
 17373 | Lair:3   | Killed a death yak
 17376 | Lair:3   | Killed a death yak
 17377 | Lair:3   | Killed a death yak
 17381 | Lair:3   | Killed a death yak
 17381 | Lair:3   | Offered knowledge of Brom's Barrelling Boulder by Vehumet.
 17850 | Lair:3   | Found a runed translucent door.
 17851 | Lair:3   | Noticed Banquo's ghost (journeyman DjAE)
 18177 | D:3      | Bought a potion of magic for 96 gold pieces
 18374 | Lair:3   | Noticed Rupert
 18389 | Lair:3   | Killed Rupert
 18390 | Lair:3   | Reached skill level 5 in Evocations
 18390 | Lair:3   | Reached XP level 13. HP: 94/94 MP: 8/23
 18973 | Lair:4   | Found a staircase to the Slime Pits.
 18974 | Lair:4   | Found a viscous altar of Jiyva.
 19826 | Lair:5   | Entered Level 5 of the Lair of Beasts
 19918 | Lair:4   | Reached **** piety under Vehumet
 19993 | Lair:5   | Offered knowledge of Fulminant Prism by Vehumet.
 20589 | Lair:5   | Reached ***** piety under Vehumet
 20589 | Lair:5   | Offered knowledge of Olgreb's Toxic Radiance by Vehumet.
 20941 | Lair:5   | Reached XP level 14. HP: 91/102 MP: 24/24
 22518 | D:8      | Reached skill level 15 in Air Magic
 22909 | D:9      | Found an opulent altar of Gozag.
 23039 | D:9      | Found Wuxaipaergh's Self-Published Books.
 23211 | D:9      | Noticed Jeremiah
 23216 | D:9      | Killed Jeremiah
 23432 | D:10     | Entered Level 10 of the Dungeon
 23786 | D:10     | Offered knowledge of Bombard by Vehumet.
 24224 | D:10     | Found Tiriliw's Armour Shoppe.
 24233 | D:10     | Found a staircase to the Orcish Mines.
 24671 | D:10     | Learned a level 7 spell: Ozocubu's Refrigeration
 24892 | D:11     | Reached skill level 5 in Fighting
 25067 | D:11     | Reached skill level 15 in Conjurations
 25420 | D:11     | Noticed Erica
 25424 | D:11     | Killed Erica
 25695 | D:9      | Bought the Handbook of Patience for 510 gold pieces
 26016 | D:11     | Noticed Grum
 26023 | D:11     | Killed Grum
 26218 | D:11     | Identified the +0 robe "Waddoa" {rC++}
 26269 | D:11     | Noticed Sonja
 26270 | D:11     | Killed Sonja
 26306 | D:11     | Noticed Snorg
 26322 | D:11     | Killed Snorg
 28644 | D:13     | Offered knowledge of Fireball by Vehumet.
 28751 | D:13     | Reached XP level 15. HP: 73/113 MP: 24/27
 29551 | D:13     | Identified the +5 ring mail "Qephugei" {Str+4}
 29560 | D:13     | Found a gate to the Vaults.
 29925 | D:14     | Reached skill level 10 in Spellcasting
 30696 | D:13     | Learned a level 8 spell: Maxwell's Capacitive Coupling
 30787 | Orc:1    | Entered Level 1 of the Orcish Mines
 30933 | Orc:1    | Found a transporter.
 30933 | Orc:1    | Found an ornate altar of the Wu Jian Council.
 30950 | Orc:1    | Found a transporter.
 30958 | Orc:1    | Found a transporter.
 30976 | Orc:1    | Found an ornate altar of the Wu Jian Council.
 30978 | Orc:1    | Found a transporter.
 31848 | Orc:2    | Entered Level 2 of the Orcish Mines
 32043 | Orc:2    | Found Cesis's Antique Weapon Shop.
 32122 | Orc:2    | Found a staircase to the Elven Halls.
 32535 | Orc:2    | Found Xulojiam's Distillery.
 33227 | Orc:2    | Found Tooxzug's Distillery.
 33228 | Orc:2    | Found Ijuticsu's Magic Scroll Emporium.
 33283 | Orc:2    | Reached ****** piety under Vehumet
 33331 | Orc:2    | Offered knowledge of Conjure Ball Lightning by Vehumet.
 33462 | Orc:2    | Found Puzaxzau's Weapon Shop.
 33813 | Orc:2    | Learned a level 6 spell: Conjure Ball Lightning
 34597 | Orc:2    | Reached XP level 16. HP: 119/119 MP: 31/31
 34608 | Orc:2    | Found Mafot's Antique Armour Shop.
 34608 | Orc:2    | Found Hohotolo's Jewellery Boutique.
 34608 | Orc:2    | Found a one-way gate leading to the halls of Pandemonium.
 34693 | D:10     | Bought a +0 pair of boots for 54 gold pieces
 34907 | D:3      | Bought a potion of haste for 120 gold pieces
 35196 | Orc:2    | Bought the ring "Odibacri" {rF+ rCorr Str+6} for 466 gold
                  | pieces
 35198 | Orc:2    | Bought a ring of protection from cold for 250 gold pieces
 35415 | Spider:1 | Entered Level 1 of the Spider Nest
 35472 | Spider:1 | Noticed Donald
 35542 | Spider:1 | Killed Donald
 35678 | Spider:1 | Reached skill level 1 in Shields
 36623 | Spider:2 | Offered knowledge of Plasma Beam by Vehumet.
 37037 | D:9      | Bought Terpsichore's Almanac of the Dance for 330 gold
                  | pieces
 37040 | D:9      | Learned a level 2 spell: Blink
 37436 | Spider:2 | Reached skill level 1 in Translocations
 37579 | Spider:2 | Reached skill level 5 in Shields
 37767 | Spider:2 | Identified the +2 robe of the Original Sin {Fly rC+ Dex+6
                  | Slay-2}
 37903 | Spider:2 | Identified the +4 great mace "Grim" {heavy, Str+3 Dex+4}
 37968 | Spider:2 | Found a runed translucent door.
 38001 | Spider:3 | Offered knowledge of Irradiate by Vehumet.
 39183 | Spider:3 | Noticed an acid blob
 39887 | Spider:3 | Reached XP level 17. HP: 107/126 MP: 19/34
 40098 | Spider:3 | Killed an acid blob
 40156 | Spider:3 | Identified the +0 morningstar of the Mind {elec, rElec rN+
                  | rCorr Str+3}
 40199 | Spider:4 | Entered Level 4 of the Spider Nest
 40291 | Spider:3 | Learned a level 5 spell: Irradiate
 40449 | Spider:4 | Noticed Mlioglotl
 40458 | Spider:4 | Killed Mlioglotl
 40590 | Spider:4 | Identified the +1 robe of Asseorez {Dex+3}
 40683 | Spider:4 | Offered knowledge of Ignition by Vehumet.
 40825 | Spider:4 | Found a runed translucent gate.
 40826 | Spider:4 | Found a runed translucent gate.
 40826 | Spider:4 | Found a runed translucent gate.
 40827 | Spider:4 | Noticed jimmypageman's ghost (adept MiFi)
 40851 | Spider:4 | Killed jimmypageman's ghost
 42222 | Spider:4 | Got a gossamer rune of Zot
 42381 | Spider:2 | Reached skill level 10 in Shields
 42489 | Spider:2 | Identified the +8 plate armour of the Thunderstorm {Int+6}
 42995 | D:8      | Bought a scroll of teleportation for 36 gold pieces
 42995 | D:8      | Bought a scroll of teleportation for 36 gold pieces
 43135 | Lair:3   | Killed Banquo's ghost
 43219 | Shoals:1 | Entered Level 1 of the Shoals
 43630 | Shoals:1 | Found Gestriex's General Store.
 44253 | Shoals:2 | Noticed a kraken
 44610 | Shoals:2 | Reached XP level 18. HP: 135/135 MP: 35/36
 45908 | Shoals:4 | Entered Level 4 of the Shoals
 46007 | Shoals:4 | Reached skill level 15 in Spellcasting
 46056 | Shoals:4 | Offered knowledge of Fire Storm by Vehumet.
 46056 | Shoals:4 | Offered knowledge of Chain Lightning by Vehumet.
 46056 | Shoals:4 | Offered knowledge of Polar Vortex by Vehumet.
 46127 | Shoals:4 | Reached skill level 1 in Alchemy
 47412 | Shoals:4 | Identified the ring of Qun Neer {*Corrode rF+ EV+5 Str+4}
 47648 | Shoals:4 | Got a barnacled rune of Zot
 47848 | Shoals:4 | Learned a level 9 spell: Polar Vortex
 48234 | D:15     | Entered Level 15 of the Dungeon
 48292 | D:15     | Found Resiwnioli's Distillery.
 48383 | D:15     | Found a gate leading to a gauntlet.
 48401 | Gauntlet | Entered a Gauntlet
 48401 | Gauntlet | Found a transporter.
 48410 | Gauntlet | Found a transporter.
 48412 | Gauntlet | Found a transporter.
 48415 | Gauntlet | Found a transporter.
 48416 | Gauntlet | Found a transporter.
 48418 | Gauntlet | Found a transporter.
 48420 | Gauntlet | Found a runed translucent door.
 48421 | Gauntlet | Found a runed translucent door.
 48424 | Gauntlet | Found a transporter.
 48439 | Gauntlet | Found a large runed translucent door.
 48439 | Gauntlet | Found a large runed translucent door.
 48440 | Gauntlet | Found a large runed translucent door.
 48440 | Gauntlet | Found a large runed translucent door.
 48441 | Gauntlet | Found a large runed translucent door.
 48441 | Gauntlet | Found a large runed translucent door.
 48442 | Gauntlet | Found a runed translucent gate.
 48442 | Gauntlet | Found a runed translucent door.
 48443 | Gauntlet | Found a transporter.
 48443 | Gauntlet | Found a runed translucent gate.
 48444 | Gauntlet | Found a runed translucent gate.
 48444 | Gauntlet | Found a runed translucent door.
 48445 | Gauntlet | Found a large runed translucent door.
 48445 | Gauntlet | Found a large runed translucent door.
 48446 | Gauntlet | Found a large runed translucent door.
 48447 | Gauntlet | Found a large runed translucent door.
 48456 | Gauntlet | Found a large runed translucent door.
 48456 | Gauntlet | Found a large runed translucent door.
 48457 | Gauntlet | Found a large runed translucent door.
 48458 | Gauntlet | Found a large runed translucent door.
 48460 | Gauntlet | Found a transporter.
 48464 | Gauntlet | Found a transporter.
 48468 | Gauntlet | Found a large runed translucent door.
 48468 | Gauntlet | Found a large runed translucent door.
 48472 | Gauntlet | Found a transporter.
 48560 | Gauntlet | Found a transporter.
 48683 | Gauntlet | Identified the ring "Yfaukh" {rF- rN+ rCorr Int+3 Slay+4}
 48691 | Gauntlet | Got Vaser's Discourse on Concussion
 48783 | Gauntlet | Identified the +9 arbalest of False Accusations {heavy,
                  | rElec Will- Dex+3}
 48854 | Gauntlet | Identified the amulet "Juohurphe" {Acrobat +Inv rF+ Str-3
                  | Dex+3}
 49885 | D:15     | Identified the +0 ring mail of Indemnity {rElec}
 50906 | D:15     | Found a staircase to the Depths.
 51579 | Lair:2   | Found the brooch of Shielding {Spirit SH+8}
 51978 | Vaults:1 | Entered Level 1 of the Vaults
 52033 | Vaults:1 | Found Guemys's Assorted Antiques.
 52041 | Vaults:1 | Reached XP level 19. HP: 140/140 MP: 33/38
 52098 | Vaults:1 | Bought an embroidered hat for 175 gold pieces
 52404 | Vaults:1 | Noticed Saint Roka
 52422 | Vaults:1 | Killed Saint Roka
 52491 | Vaults:1 | Learned a level 9 spell: Chain Lightning
 52554 | Vaults:1 | Reached skill level 15 in Shields
 52717 | Vaults:1 | Found Biucs's Book Emporium.
 52717 | Vaults:1 | Noticed Boris
 52722 | Vaults:1 | Killed Boris
 53206 | Vaults:1 | Found Yrom's Weapon Emporium.
 53208 | Vaults:1 | Identified the +5 battleaxe of Vanity {freeze, Will+ MP+9
                  | Dex+3}
 53846 | Vaults:1 | Reached skill level 15 in Ice Magic
 55014 | Orc:2    | Bought a scroll of fear for 64 gold pieces
 55014 | Orc:2    | Bought a scroll of fear for 64 gold pieces
 55807 | Vaults:2 | Noticed Nikola
 55813 | Vaults:2 | Killed Nikola
 56001 | Vaults:2 | Got the Precepts of Metal
 56860 | Vaults:2 | Reached XP level 20. HP: 144/145 MP: 34/40
 56862 | Vaults:2 | Noticed Mara
 56943 | Vaults:2 | Killed Mara
 57809 | Vaults:2 | Found a staircase to the Crypt.
 58134 | Vaults:2 | Identified the +9 flail of Trauma {heavy, rCorr Str-2
                  | Dex+2}
 59081 | Vaults:3 | Found a magical portal.
 59094 | WizLab   | Entered Wucad Mu's Monastery
 60512 | Vaults:3 | Found Hiug's Weapon Shop.
 61278 | Vaults:4 | Paralysed by a formless jellyfish for 1 turns
 61591 | Vaults:4 | Paralysed by a formless jellyfish for 1 turns
 61599 | Vaults:4 | Got the Volume of the Volcano
 62333 | Vaults:4 | Noticed Bai Suzhen
 62338 | Vaults:4 | Killed Bai Suzhen
 62339 | Vaults:4 | Reached XP level 21. HP: 166/166 MP: 41/41
 62733 | Vaults:4 | Got the Octavo of Effluvium
 62956 | Vaults:4 | Gained mutation: You are frail. (-10% HP) [mutagenic glow]
 63151 | Vaults:3 | Lost mutation: You are frail. (-10% HP) [potion of
                  | mutation]
 63151 | Vaults:3 | Gained mutation: Your large and strong wings let you fly.
                  | [potion of mutation]
 63151 | Vaults:3 | Gained mutation: Your body sometimes deteriorates upon
                  | taking damage. [potion of mutation]
 63151 | Vaults:3 | Gained mutation: Your flesh is heat resistant. (rF+)
                  | [potion of mutation]
 63151 | Vaults:3 | Gained mutation: You have very sharp teeth. [potion of
                  | mutation]
 63194 | Vaults:3 | Learned a level 5 spell: Arcjolt
 63476 | Vaults:4 | Reached skill level 10 in Fighting
 63586 | Vaults:4 | Found a runed translucent door.
 63587 | Vaults:4 | Noticed spaghetti's ghost (adept DsHu)
 63710 | Vaults:4 | Got the Omnibus of the Deep Freeze
 63848 | Vaults:4 | Got the Elucidation of the Brume
 64087 | Vaults:4 | Got the Anthology of Apparitions
 64203 | Vaults:4 | Killed spaghetti's ghost
 64670 | D:5      | Bought a scroll of teleportation for 36 gold pieces
 64670 | D:5      | Bought a scroll of teleportation for 36 gold pieces
 64884 | Orc:2    | Bought a scroll of teleportation for 48 gold pieces
 64884 | Orc:2    | Bought a scroll of teleportation for 48 gold pieces
 65126 | Shoals:1 | Bought a scroll of teleportation for 51 gold pieces
 65344 | Orc:2    | Bought a potion of enlightenment for 85 gold pieces
 65344 | Orc:2    | Bought a potion of curing for 51 gold pieces
 65382 | Elf:1    | Entered Level 1 of the Elven Halls
 65422 | Elf:1    | Found Yxooj's Book Shoppe.
 65422 | Elf:1    | Found Jeod's Jewellery Boutique.
 65477 | Elf:1    | Found Rech's Jewellery Boutique.
 65490 | Elf:1    | Bought the ring "Acrerch" {Will+ Int+6} for 826 gold pieces
 66214 | Elf:1    | Found Ejimaqen's Distillery.
 67137 | Elf:2    | Noticed Agnes
 67146 | Elf:2    | Killed Agnes
 67437 | Elf:2    | Found a runed translucent gate.
 67437 | Elf:2    | Found a runed translucent gate.
 67437 | Elf:2    | Found a runed translucent gate.
 67853 | Elf:3    | Entered Level 3 of the Elven Halls
 69711 | Vaults:1 | Bought a book of Dangerous Friends for 546 gold pieces
 69719 | Vaults:1 | Learned a level 7 spell: Orb of Destruction
 70174 | Elf:2    | Reached XP level 22. HP: 168/185 MP: 32/43
 71001 | Elf:3    | Identified the +5 scimitar of the Hugging Stork {flame,
                  | rPois rF+}
 71086 | Elf:3    | Identified the +4 flail "Udghin" {flame, rC++ Dex+3}
 72008 | Elf:3    | Identified the staff "Imp's Death Toll" {rF+ Earth}
 72009 | Elf:3    | Identified the +6 longbow of the Riding Gods {freeze, rN++
                  | Will+}
 72010 | Elf:3    | Identified the staff "Eviscerator" {rPois rC+ Will+ Dex+2
                  | Conj Ice}
 72031 | Elf:3    | Identified the +3 dagger of Yredelemnul's Reproof {flame,
                  | rPois Will+ Str+2 Int+3}
 72065 | Elf:3    | Identified the dragon-blood talisman of Gupp {rElec rN+
                  | Str+2}
 72103 | Elf:3    | Identified the +4 sling "Ykkenax" {flame, rElec Will+}
 72438 | Depths:1 | Entered Level 1 of the Depths
 72704 | Elf:1    | Bought the ring "Coudda" {rElec rN+ Will+ Int+3} for 780
                  | gold pieces
 73031 | Depths:1 | Found a sacrificial altar of Ru.
 73251 | Depths:1 | Found a gateway to Hell.
 74947 | Depths:2 | Reached skill level 15 in Fighting
 75882 | Depths:2 | Found a one-way gateway to a ziggurat.
 75953 | Depths:2 | Paralysed by an air elemental for 1 turns
 76391 | Depths:2 | Found a portal to a secret trove of treasure.
 76773 | Depths:3 | Noticed Norris
 76780 | Depths:3 | Killed Norris
 77497 | Depths:3 | Identified the ring "Digec" {^Drain rN+ Will+ Str+3 SInv}
 77499 | Depths:3 | Identified the +3 halberd of Banaib Wefi {pain, *Slow rF+++
                  | Dex+3}
 77595 | Depths:3 | Reached XP level 23. HP: 199/202 MP: 11/44
 78531 | Depths:3 | Found a one-way gate to the infinite horrors of the Abyss.
 78591 | Depths:3 | Identified the +7 quarterstaff of Optimality {freeze, *Slow
                  | Str+2 Stlth+}
 78625 | Depths:3 | Identified the amulet of Mymuca {Acrobat Int-4 Dex+5}
 78888 | Depths:4 | Entered Level 4 of the Depths
 80174 | Depths:4 | Found a gate to the Realm of Zot.
 80589 | Slime:1  | Entered Level 1 of the Pits of Slime
 81204 | Slime:5  | Entered Level 5 of the Pits of Slime
 81427 | Slime:5  | Noticed the Royal Jelly
 81432 | Slime:5  | Killed the Royal Jelly
 81800 | Slime:5  | Got the Tractate on Toxicology and the Shot
 81917 | Slime:5  | Identified the +11 great sword of the Establishment {venom,
                  | rC+ Int+2}
 81919 | Slime:5  | Got a slimy rune of Zot
 81932 | Slime:5  | Identified the +3 quarterstaff of Certain Death {freeze,
                  | rElec rCorr}
 82978 | Elf:1    | Bought a manual of Ice Magic for 1280 gold pieces
 83288 | Crypt:1  | Entered Level 1 of the Crypt
 83295 | Crypt:1  | Noticed Boris
 83299 | Crypt:1  | Killed Boris
 83300 | Crypt:1  | Reached XP level 24. HP: 202/214 MP: 20/44
 83752 | Crypt:1  | Noticed Jory
 83754 | Crypt:1  | Killed Jory
 84786 | Crypt:1  | Found a basalt altar of Yredelemnul.
 84789 | Crypt:1  | Got Vage's Early Guide to Witchery
 84797 | Crypt:1  | Identified the staff of Internal Strife {^Fragile rC+ Dex+4
                  | SInv Conj Ice}
 84798 | Crypt:1  | Identified the +6 orcbow "Qiwnatoz" {drain, rN+ Int+3}
 85055 | Crypt:2  | Found an ancient bone altar of Kikubaaqudgha.
 85817 | Crypt:3  | Entered Level 3 of the Crypt
 86086 | Crypt:3  | Identified the +9 spear of Dishonour {vamp, rC++ Dex+6}
 86891 | Crypt:3  | Found a staircase to the Tomb.
 87051 | Crypt:3  | Identified the ring of Liecem {rPois rC+ rCorr Int-5 Dex+6}
 87651 | Crypt:3  | Found the +5 scythe "Finisher" {speed, execute}
 87892 | Crypt:3  | Found an ancient bone altar of Kikubaaqudgha.
 88068 | Crypt:3  | Noticed an ancient lich
 88072 | Crypt:3  | Killed an ancient lich
 88120 | Crypt:3  | Identified the staff of the Nine Souls {rPois rF+ Alchemy}
 88581 | Vaults:5 | Entered Level 5 of the Vaults
 88647 | Vaults:5 | Reached XP level 25. HP: 149/223 MP: 25/44
 88793 | Vaults:5 | Noticed an ancient lich
 88804 | Vaults:5 | Killed an ancient lich
 89024 | Vaults:5 | Got the Vademecum on Ill-fated Accomplices
 89545 | Vaults:5 | Identified the +5 battleaxe of Risk Management {vamp, rElec
                  | Dex+2}
 89858 | Vaults:5 | Identified the ring of the Monkey {Will+ Int+3 SInv}
 89941 | Vaults:5 | Noticed a dread lich
 89949 | Vaults:5 | Killed a dread lich
 90221 | Vaults:5 | Identified the +3 ring mail of Midwinter {SInv}
 90324 | Vaults:5 | Got a silver rune of Zot
 91911 | Elf:1    | Bought a potion of haste for 170 gold pieces
 91911 | Elf:1    | Bought 2 potions of haste for 340 gold pieces
 91911 | Elf:1    | Bought 2 potions of lignification for 102 gold pieces
 92565 | Vaults:1 | Bought a book of Transmutation for 364 gold pieces
 92568 | Vaults:1 | Learned a level 2 spell: Sublimation of Blood
 92878 | Zot:1    | Entered Level 1 of the Realm of Zot
 93165 | Zot:1    | Noticed an orb of fire
 93173 | Zot:1    | Lost mutation: Your flesh is heat resistant. (rF+) [an orb
                  | of fire]
 93175 | Zot:1    | Killed an orb of fire
 93176 | Zot:1    | Reached skill level 1 in Necromancy
 94042 | Zot:1    | Identified a scroll of acquirement
 94052 | Zot:1    | Acquired 640 gold pieces
 94967 | Zot:2    | Reached XP level 26. HP: 74/232 MP: 35/45
 97596 | Zot:4    | Reached skill level 10 in Evocations
 98176 | Zot:4    | Noticed a dread lich
 98182 | Zot:4    | Killed a dread lich
 98198 | Zot:4    | Noticed Parghit
 98207 | Zot:4    | Killed Parghit
 98656 | Zot:4    | Noticed an ancient lich
 98665 | Zot:4    | Killed an ancient lich
 98701 | Zot:4    | Noticed a dread lich
 98705 | Zot:4    | Killed a dread lich
 99481 | Hell     | Entered the Vestibule of Hell
 99481 | Hell     | Noticed Geryon
 99498 | Hell     | Noticed Murray
 99499 | Hell     | Killed Geryon
 99503 | Hell     | Killed Murray
 99515 | Hell     | Reached XP level 27. HP: 100/238 MP: 46/46
100048 | Hell     | Found a gateway to the decaying netherworld of Tartarus.
100157 | Hell     | Found a gateway to the freezing wastes of Cocytus.
100318 | Hell     | Found a gateway to the ashen valley of Gehenna.
100464 | Hell     | Found a gateway to the Iron City of Dis.
100525 | Pan      | Entered Pandemonium
100848 | Pan      | Found a transporter.
100981 | Pan      | Learned a level 1 spell: Apportation
101008 | Pan      | Identified the +2 war axe of Offence {drain, *Slow Will+
                  | MP+9 Int+3}
103041 | Pan      | Identified the ring of Morality {Fire Int+2}
103430 | Pan      | Found a transporter.
104160 | Pan      | Noticed Duer the pandemonium lord
104166 | Pan      | Killed Duer the pandemonium lord
105902 | Pan      | Noticed Qiumn the pandemonium lord
105905 | Pan      | Killed Qiumn the pandemonium lord
106451 | Pan      | Noticed Gaeh Segg the pandemonium lord
106455 | Pan      | Killed Gaeh Segg the pandemonium lord
106487 | Pan      | Gained mutation: You are clumsy. (Dex -2) [a cacodemon]
106491 | Pan      | Gained mutation: You have hidden genetic defects. [a
                  | cacodemon]
106626 | Pan      | Identified the +3 rapier of Painful Death {flame, rF+ rCorr
                  | Int+4}
106638 | Pan      | Reached skill level 15 in Evocations
108283 | Pan      | Found an exit through the horrors of the Abyss.
108638 | Pan      | Gained mutation: Your body often deteriorates upon taking
                  | damage. [hidden defects]
109480 | Pan      | Lost mutation: Your body often deteriorates upon taking
                  | damage. [potion of mutation]
109480 | Pan      | Lost mutation: You are clumsy. (Dex -2) [potion of
                  | mutation]
109480 | Pan      | Gained mutation: You are weak. (Str -2) [potion of
                  | mutation]
109480 | Pan      | Lost mutation: Your body sometimes deteriorates upon taking
                  | damage. [potion of mutation]
109480 | Pan      | Gained mutation: You have sharp fingernails. [potion of
                  | mutation]
109480 | Pan      | Gained mutation: You are robust. (+10% HP) [potion of
                  | mutation]
109481 | Pan      | Lost mutation: You are robust. (+10% HP) [potion of
                  | mutation]
109481 | Pan      | Lost mutation: You are weak. (Str -2) [potion of mutation]
109481 | Pan      | Gained mutation: You are dopey. (Int -2) [potion of
                  | mutation]
109481 | Pan      | Gained mutation: Your muscles are strong. (Str +4, Int/Dex
                  | -1) [potion of mutation]
109482 | Pan      | Lost mutation: Your large and strong wings let you fly.
                  | [potion of mutation]
109482 | Pan      | Lost mutation: You are dopey. (Int -2) [potion of mutation]
109482 | Pan      | Lost mutation: You have hidden genetic defects. [potion of
                  | mutation]
109919 | Pan      | Found a one-way gate to the infinite horrors of the Abyss.
109921 | Pan      | Found a corrupted altar of Lugonu.
110001 | Pan      | Noticed Ziass the pandemonium lord
110011 | Pan      | Killed Ziass the pandemonium lord
110339 | Depths:4 | Escaped Pandemonium
110615 | Orc:2    | Bought a potion of invisibility for 104 gold pieces
110615 | Orc:2    | Bought a potion of curing for 39 gold pieces
110615 | Orc:2    | Bought a potion of cancellation for 104 gold pieces
110615 | Orc:2    | Bought a potion of curing for 39 gold pieces
110615 | Orc:2    | Bought a potion of curing for 39 gold pieces
110615 | Orc:2    | Bought a potion of curing for 39 gold pieces
110615 | Orc:2    | Bought a potion of brilliance for 52 gold pieces
110822 | D:5      | Bought a scroll of vulnerability for 48 gold pieces
110822 | D:5      | Bought a scroll of fog for 48 gold pieces
110822 | D:5      | Bought a scroll of vulnerability for 48 gold pieces
110934 | D:8      | Bought a scroll of immolation for 48 gold pieces
111035 | Orc:2    | Bought a potion of ambrosia for 136 gold pieces
111035 | Orc:2    | Bought a potion of ambrosia for 136 gold pieces
111035 | Orc:2    | Bought a potion of invisibility for 136 gold pieces
111035 | Orc:2    | Bought a potion of lignification for 51 gold pieces
111035 | Orc:2    | Bought a potion of cancellation for 136 gold pieces
111129 | Elf:1    | Bought a potion of enlightenment for 85 gold pieces
111129 | Elf:1    | Bought a potion of attraction for 51 gold pieces
111129 | Elf:1    | Bought a potion of curing for 51 gold pieces
111129 | Elf:1    | Bought a potion of curing for 51 gold pieces
111129 | Elf:1    | Bought a potion of curing for 51 gold pieces
111129 | Elf:1    | Bought a potion of mutation for 136 gold pieces
111392 | D:15     | Bought a potion of curing for 51 gold pieces
111392 | D:15     | Bought a potion of mutation for 136 gold pieces
111600 | Orc:2    | Bought a scroll of immolation for 64 gold pieces
111600 | Orc:2    | Bought 2 scrolls of fog for 128 gold pieces
111800 | Vaults:1 | Bought 2 potions of invisibility for 400 gold pieces
114465 | Zot:5    | Entered Level 5 of the Realm of Zot
114681 | Zot:5    | Identified the +6 buckler of Duqaostro {rPois Str+3}
114851 | Zot:5    | Learned a level 5 spell: Irradiate
115237 | Zot:5    | Noticed an ancient lich
115241 | Zot:5    | Killed an ancient lich
115276 | Zot:5    | Noticed an ancient lich
115279 | Zot:5    | Killed an ancient lich
115282 | Zot:5    | Noticed a dread lich
115289 | Zot:5    | Noticed an orb of fire
115291 | Zot:5    | Gained mutation: You occasionally shout uncontrollably at
                  | your foes. [an orb of fire]
115293 | Zot:5    | Killed an orb of fire
115295 | Zot:5    | Killed a dread lich
115295 | Zot:5    | Noticed a dread lich
115297 | Zot:5    | Noticed an orb of fire
115513 | Zot:5    | Killed an orb of fire
115561 | Zot:5    | Noticed a dread lich
115563 | Zot:5    | Killed a dread lich
115966 | Zot:5    | Killed a dread lich
116150 | Zot:5    | Reached skill level 27 in Conjurations
116809 | Pan      | Entered Pandemonium
116924 | Pan      | Gained mutation: You frequently scream uncontrollably at
                  | your foes. [a cacodemon]
117116 | Pan      | Noticed Hircheh the pandemonium lord
117120 | Pan      | Killed Hircheh the pandemonium lord
117204 | Pan      | Gained mutation: You do not regenerate when monsters are
                  | visible. [a neqoxec]
117514 | Pan      | Gained mutation: Your body sometimes deteriorates upon
                  | taking damage. [a neqoxec]
117578 | Pan      | Lost mutation: You have sharp fingernails. [potion of
                  | mutation]
117578 | Pan      | Lost mutation: Your muscles are strong. (Str +4, Int/Dex
                  | -1) [potion of mutation]
117578 | Pan      | Lost mutation: Your body sometimes deteriorates upon taking
                  | damage. [potion of mutation]
117578 | Pan      | Gained mutation: You have a pair of small antennae on your
                  | head. [potion of mutation]
117578 | Pan      | Gained mutation: Your magical capacity is low. (-10% MP)
                  | [potion of mutation]
117579 | Pan      | Lost mutation: You have very sharp teeth. [potion of
                  | mutation]
117579 | Pan      | Lost mutation: You do not regenerate when monsters are
                  | visible. [potion of mutation]
117579 | Pan      | Lost mutation: Your magical capacity is low. (-10% MP)
                  | [potion of mutation]
117579 | Pan      | Gained mutation: Your flesh is heat resistant. (rF+)
                  | [potion of mutation]
118421 | Pan      | Identified the +1 ring mail of the Valley {Str+2}
118914 | Pan      | Noticed Qeph the pandemonium lord
118918 | Pan      | Killed Qeph the pandemonium lord
119034 | Pan      | Found an exit through the horrors of the Abyss.
119376 | Pan      | Found a runed translucent door.
119443 | Pan      | Got a demonic rune of Zot
119942 | Pan      | Noticed Gakk the pandemonium lord
119949 | Pan      | Killed Gakk the pandemonium lord
120735 | Pan      | Entered the realm of Cerebov.
120742 | Pan      | Reached skill level 1 in Throwing
121770 | Pan      | Found the +6 sword of Cerebov {flame}
121770 | Pan      | Noticed Cerebov
122050 | Pan      | Reached skill level 5 in Throwing
123303 | Pan      | Identified the +2 leather armour of the Moon Troll {rElec}
123538 | Pan      | Killed Cerebov
123729 | Pan      | Got a fiery rune of Zot
124550 | Pan      | Found an exit through the horrors of the Abyss.
125330 | Pan      | Noticed Faefaum the pandemonium lord
125335 | Pan      | Killed Faefaum the pandemonium lord
125736 | Pan      | Took an exit into the Abyss.
125736 | Abyss:1  | Escaped into the Abyss
125739 | Abyss:1  | Found a corrupted altar of Lugonu.
125759 | Abyss:1  | Found a corrupted altar of Lugonu.
125775 | Abyss:1  | Found a corrupted altar of Lugonu.
125800 | Abyss:1  | Reached skill level 27 in Ice Magic
126231 | Abyss:1  | Reached skill level 1 in Staves
126250 | Abyss:1  | Reached skill level 10 in Throwing
126262 | Depths:4 | Escaped the Abyss
127573 | Vaults:1 | Bought a potion of curing for 75 gold pieces
127914 | D:3      | Bought a potion of invisibility for 96 gold pieces
127914 | D:3      | Bought a potion of cancellation for 96 gold pieces
128268 | D:15     | Bought a potion of cancellation for 136 gold pieces
128268 | D:15     | Bought a potion of cancellation for 136 gold pieces
128441 | Orc:2    | Bought a potion of might for 68 gold pieces
128940 | D:15     | Bought a potion of might for 68 gold pieces
130089 | Pan      | Entered Pandemonium
131171 | Pan      | Noticed Ugef the pandemonium lord
131181 | Pan      | Killed Ugef the pandemonium lord
131580 | Pan      | Acquired a book of Annihilations
132361 | Pan      | Reached skill level 5 in Staves
133244 | Pan      | Noticed Uhemeci the pandemonium lord
133248 | Pan      | Killed Uhemeci the pandemonium lord
133566 | Pan      | Found an exit through the horrors of the Abyss.
133915 | Pan      | Reached skill level 5 in Necromancy
134033 | Pan      | Found an exit through the horrors of the Abyss.
134272 | Pan      | Noticed Anischop the pandemonium lord
134292 | Pan      | Killed Anischop the pandemonium lord
134951 | Pan      | Entered the realm of Mnoleg.
135294 | Pan      | Gained mutation: Potions are less effective at restoring
                  | your health. [a cacodemon]
135462 | Pan      | Found a runed translucent door.
135475 | Pan      | Noticed Ythial the pandemonium lord
135803 | Pan      | Identified the +1 trident "Beastslayer" {heavy, +Blink rF++
                  | Will+ Stlth+}
135845 | Pan      | Found a runed translucent door.
136004 | Pan      | Found an exit through the horrors of the Abyss.
136424 | Pan      | Found a runed translucent door.
136524 | Pan      | Found a runed translucent door.
136947 | Pan      | Killed Ythial the pandemonium lord
137243 | Pan      | Reached skill level 27 in Air Magic
137269 | Orc:2    | Escaped Pandemonium
137315 | Pan      | Entered the realm of Lom Lobon.
137315 | Pan      | Entered Pandemonium
138363 | Pan      | Reached skill level 15 in Throwing
138902 | Pan      | Found a white marble altar of Elyvilon.
139772 | Pan      | Reached skill level 10 in Necromancy
139932 | Pan      | Found a glowing silver altar of Zin.
140307 | Pan      | Noticed a seraph
140312 | Pan      | Killed a seraph
140337 | Pan      | Found a glowing golden altar of the Shining One.
140369 | Pan      | Got the Octavo of Detritus
140371 | Pan      | Identified the +1 pair of gloves "Jeotryt" {Rampage rF-
                  | Stlth+}
141138 | Orc:2    | Escaped Pandemonium
142872 | Depths:2 | You paid a toll of +5 ice dragon scales to enter a treasure
                  | trove
142873 | Trove    | Entered a treasure trove
142970 | Depths:2 | Lost mutation: Your flesh is heat resistant. (rF+) [potion
                  | of mutation]
142970 | Depths:2 | Lost mutation: Potions are less effective at restoring your
                  | health. [potion of mutation]
142970 | Depths:2 | Gained mutation: Your muscles are strong. (Str +4, Int/Dex
                  | -1) [potion of mutation]
142970 | Depths:2 | Gained mutation: Your flesh is very cold resistant. (rC++)
                  | [potion of mutation]
142972 | Zig:1    | Entered Level 1 of a ziggurat
142985 | Zig:2    | Entered Level 2 of a ziggurat
143001 | Zig:3    | Entered Level 3 of a ziggurat
143032 | Zig:4    | Entered Level 4 of a ziggurat
143057 | Zig:5    | Entered Level 5 of a ziggurat
143079 | Zig:5    | Identified the +7 morningstar of Intuition {freeze, rF+
                  | Will+ Str+2 Int+3}
143082 | Zig:5    | Identified the +4 lajatang "Pyif" {distort, *Rage rC++
                  | Int+3 Dex+4}
143169 | Zig:6    | Entered Level 6 of a ziggurat
143215 | Zig:7    | Entered Level 7 of a ziggurat
143263 | Zig:8    | Entered Level 8 of a ziggurat
143298 | Zig:8    | Found the amulet of the Four Winds {rN+ Will+++ Clar}
143309 | Zig:8    | Identified the +0 scale mail of the Trilobite {Str+6}
143321 | Zig:9    | Entered Level 9 of a ziggurat
143330 | Zig:9    | Noticed Xoump the pandemonium lord
143331 | Zig:9    | Noticed Seger the pandemonium lord
143334 | Zig:9    | Killed Xoump the pandemonium lord
143337 | Zig:9    | Killed Seger the pandemonium lord
143464 | Zig:9    | Identified the staff "Qyx Lalop" {^Drain rElec rN+ Str+8
                  | Necro Air}
143471 | Zig:9    | Identified the staff "Ituarire" {Int+4 Dex+4 Conj Hexes}
143476 | Zig:9    | Identified the +9 trident of the Depths {elec, Int+5}
143486 | Zig:10   | Entered Level 10 of a ziggurat
143496 | Zig:10   | Noticed an orb of fire
143496 | Zig:10   | Noticed an orb of fire
143500 | Zig:10   | Killed an orb of fire
143502 | Zig:10   | Killed an orb of fire
143737 | Zig:10   | Identified the ring of Kaqyna Ciock {+Blink rCorr Stlth+}
143763 | Zig:10   | Identified the +3 sling "Weres" {freeze, rC+ Int+3}
143785 | Zig:11   | Entered Level 11 of a ziggurat
143792 | Zig:11   | Noticed an orb of fire
143794 | Zig:11   | Reached skill level 10 in Staves
143796 | Zig:11   | Noticed an orb of fire
143798 | Zig:11   | Killed an orb of fire
143803 | Zig:11   | Killed an orb of fire
144057 | Zig:11   | Identified the +1 plate armour "Fawn" {rElec rC- Will+
                  | Str+3}
144071 | Zig:11   | Identified the +1 robe "Rabot" {rN++ Int+4}
144078 | Zig:11   | Identified the +6 short sword of Gablum {distort, rPois
                  | SInv Stlth+}
144108 | Zig:12   | Entered Level 12 of a ziggurat
144133 | Zig:12   | Noticed an ancient lich
144137 | Zig:12   | Killed an ancient lich
144153 | Zig:12   | Noticed a dread lich
144155 | Zig:12   | Noticed an ancient lich
144158 | Zig:12   | Killed a dread lich
144160 | Zig:12   | Killed an ancient lich
144240 | Zig:12   | Identified the staff of the Noxious God {rElec rPois Str-3
                  | Dex+8 Earth}
144242 | Zig:12   | Identified the +4 leather armour "Decekl Ille" {rF+}
144264 | Zig:12   | Identified the +5 ring mail "Fimeotz" {rF+ Will+}
144269 | Zig:13   | Entered Level 13 of a ziggurat
144339 | Zig:13   | Identified the +3 kite shield "Ubesi" {rF+ Will+ Str+3
                  | Int-5}
144386 | Zig:14   | Entered Level 14 of a ziggurat
144432 | Zig:14   | Identified the +0 scale mail of Geucig {Harm rElec rF+
                  | rN++}
144444 | Zig:14   | Identified the +11 rapier of the Doomed Warrior {holy, rF+
                  | rC+ rN+}
144526 | Zig:15   | Entered Level 15 of a ziggurat
144541 | Zig:15   | Noticed Fuevvaco the pandemonium lord
144542 | Zig:15   | Noticed Goerchik the pandemonium lord
144542 | Zig:15   | Noticed Naba the pandemonium lord
144543 | Zig:15   | Noticed Vyun the pandemonium lord
144544 | Zig:15   | Noticed Uhirghi the pandemonium lord
144545 | Zig:15   | Killed Naba the pandemonium lord
144545 | Zig:15   | Killed Fuevvaco the pandemonium lord
144546 | Zig:15   | Killed Vyun the pandemonium lord
144546 | Zig:15   | Noticed Utiwkim the pandemonium lord
144551 | Zig:15   | Killed Goerchik the pandemonium lord
144554 | Zig:15   | Killed Uhirghi the pandemonium lord
144559 | Zig:15   | Killed Utiwkim the pandemonium lord
144825 | Zig:15   | Identified the staff of Absolution {rPois rCorr Dex+6 Air
                  | Earth}
144828 | Zig:15   | Identified the +1 pair of boots of Wogug {^Drain +Inv
                  | rElec}
144859 | Zig:16   | Entered Level 16 of a ziggurat
144889 | Zig:16   | Found the +1 robe of Vines {NoPotionHeal Regen++++}
144917 | Zig:16   | Identified the +7 lajatang "Spiderslayer" {freeze, Fly rF++
                  | rC- Dex+8}
144965 | Zig:17   | Entered Level 17 of a ziggurat
145094 | Zig:17   | Identified the +8 morningstar of Isolieq {freeze, rPois}
145099 | Zig:17   | Got the Cyclopedia of the Barracuda
145117 | Zig:17   | Identified the staff "Imedghaho" {rElec Int+4 Necro Air}
145170 | Zig:18   | Entered Level 18 of a ziggurat
145297 | Zig:18   | Identified the amulet of Maokh {Acrobat rCorr Str+6 Int-4
                  | Dex+3}
145298 | Zig:18   | Identified the +8 fire dragon scales of Makhleb's Pride
                  | {Rampage ^Drain +Blink rF++ rC- Regen+}
145342 | Zig:19   | Entered Level 19 of a ziggurat
145502 | Zig:19   | Found the +5 robe of Night {Dark Will+ SInv}
145529 | Zig:19   | Identified the +7 rapier of Lupp {freeze, *Slow rElec
                  | Dex+5}
145549 | Zig:20   | Entered Level 20 of a ziggurat
145744 | Zig:20   | Identified the +6 sling "Mizaobyu" {drain, rF- Will+ Str+3
                  | Dex+4}
145759 | Zig:20   | Got the Anthology of Frostbite and the Cemetery
145763 | Zig:20   | Identified the +10 rapier "Beetlebane" {venom, rElec rC+}
145768 | Zig:20   | Identified the +1 glaive of Zoczoceph {freeze, rC+}
145821 | Zig:21   | Entered Level 21 of a ziggurat
146250 | Zig:21   | Identified the ring "Pushru" {Will+ Str+5}
146252 | Zig:21   | Identified the +6 hand axe of Truth {drain, rN+ Str-3 Int+4
                  | SInv}
146281 | Zig:21   | Identified the amulet "Tuuxaud" {-Tele Rampage Regen+
                  | Str+3}
146283 | Zig:21   | Acquired the +2 hat "Qantaf" {rF+ Regen+ Slay-6 Stlth+}
146301 | Zig:21   | Identified the +4 shortbow of Analysis {drain, rPois Int+4}
146366 | Zig:22   | Entered Level 22 of a ziggurat
146398 | Zig:22   | Lost mutation: Your muscles are strong. (Str +4, Int/Dex
                  | -1) [a shining eye]
146398 | Zig:22   | Gained mutation: You are dopey. (Int -2) [a shining eye]
146431 | Zig:22   | Identified the staff of Laceration {rElec rF+ rC+ Fire}
146491 | Zig:22   | Lost mutation: You are dopey. (Int -2) [potion of mutation]
146491 | Zig:22   | Lost mutation: You frequently scream uncontrollably at your
                  | foes. [potion of mutation]
146491 | Zig:22   | Gained mutation: Your spells are a little harder to cast,
                  | but a little more powerful. [potion of mutation]
146491 | Zig:22   | Gained mutation: You possess an exceptional clarity of
                  | mind. [potion of mutation]
146493 | Zig:23   | Entered Level 23 of a ziggurat
146511 | Zig:23   | Noticed Misepn the pandemonium lord
146511 | Zig:23   | Noticed Hepadifemn the pandemonium lord
146515 | Zig:23   | Noticed Dourasch the pandemonium lord
146517 | Zig:23   | Killed Hepadifemn the pandemonium lord
146517 | Zig:23   | Killed Misepn the pandemonium lord
146524 | Zig:23   | Noticed Laniduo the pandemonium lord
146537 | Zig:23   | Killed Dourasch the pandemonium lord
146540 | Zig:23   | Noticed Yroluxt the pandemonium lord
146544 | Zig:23   | Killed Yroluxt the pandemonium lord
146545 | Zig:23   | Noticed Kog Jouma the pandemonium lord
146549 | Zig:23   | Killed Kog Jouma the pandemonium lord
146551 | Zig:23   | Noticed Boc For the pandemonium lord
146555 | Zig:23   | Killed Boc For the pandemonium lord
146565 | Zig:23   | Killed Laniduo the pandemonium lord
146568 | Zig:23   | Noticed Dajus the pandemonium lord
146571 | Zig:23   | Noticed Peistradu the pandemonium lord
146571 | Zig:23   | Killed Dajus the pandemonium lord
146574 | Zig:23   | Noticed Qegosok the pandemonium lord
146575 | Zig:23   | Killed Peistradu the pandemonium lord
146584 | Zig:23   | Killed Qegosok the pandemonium lord
146725 | Zig:23   | Acquired 368 gold pieces
146727 | Zig:23   | Identified the +8 flail "Xemelot" {freeze, rPois}
146738 | Zig:23   | Reached skill level 27 in Spellcasting
146744 | Zig:23   | Identified the +0 whip "Quanen Tiutt" {heavy, rElec Will+}
146752 | Zig:23   | Identified the +2 quarterstaff "Duips" {freeze, rN+}
146867 | Zig:24   | Entered Level 24 of a ziggurat
146891 | Zig:24   | Noticed a dread lich
146893 | Zig:24   | Killed a dread lich
146895 | Zig:24   | Noticed an ancient lich
146895 | Zig:24   | Noticed a dread lich
146897 | Zig:24   | Killed an ancient lich
146897 | Zig:24   | Killed a dread lich
146897 | Zig:24   | Noticed a dread lich
146898 | Zig:24   | Noticed an ancient lich
146899 | Zig:24   | Killed a dread lich
146901 | Zig:24   | Killed an ancient lich
146902 | Zig:24   | Noticed a dread lich
146902 | Zig:24   | Noticed a dread lich
146903 | Zig:24   | Killed a dread lich
146904 | Zig:24   | Killed a dread lich
146904 | Zig:24   | Noticed a dread lich
146906 | Zig:24   | Noticed a dread lich
146907 | Zig:24   | Killed a dread lich
146907 | Zig:24   | Killed a dread lich
146908 | Zig:24   | Noticed a dread lich
146910 | Zig:24   | Killed a dread lich
146930 | Zig:24   | Found the +3 pair of seven-league boots {Rampage+∞}
146954 | Zig:24   | Identified the +9 bardiche of Iskosoes {holy, Int+4 Stlth-}
147051 | Zig:25   | Entered Level 25 of a ziggurat
147090 | Zig:25   | Reached skill level 27 in Fighting
147174 | Zig:25   | Identified the ring of Ruynegy {rN++ Int+7 SInv}
147200 | Zig:25   | Identified the +1 robe of Makhleb's Regard {*Slow Dex+5}
147205 | Zig:25   | Identified the +2 plate armour of the Rose {*Corrode rElec
                  | rPois Str+3}
147206 | Zig:25   | Identified the staff "Duasam" {Str+2 Int+3 Dex-4 Earth}
147252 | Zig:26   | Entered Level 26 of a ziggurat
147294 | Zig:26   | Reached skill level 27 in Evocations
147372 | Zig:26   | Identified the amulet of Muuh Topu {Acrobat rC+ Regen+
                  | Str+3 Slay-4}
147376 | Zig:26   | Identified the staff "Gurammie" {^Contam rElec rC+ SInv Air
                  | Earth}
147378 | Zig:26   | Identified the +8 mace "Soclatogo" {antimagic, rCorr}
147386 | Zig:26   | Identified the staff of Light {*Slow Str-5 Dex+9 Conj}
147462 | Zig:26   | Identified the +0 leather armour of Autumn {rN+}
147466 | Zig:27   | Entered Level 27 of a ziggurat
147504 | Zig:27   | Reached skill level 5 in Dodging
147582 | Zig:27   | Identified the ring of Ruschiyg {rF- rC+ Str+2 Dex+6}
147595 | Zig:27   | Identified the +8 rapier of the Eleven Coins {drain, Will+
                  | MP+9}
147605 | Zig:27   | Identified the +6 chain mail of Summer {rPois Regen+ rCorr
                  | Str-2}
147614 | Zig:27   | Identified the +8 trident "Kejun" {holy, rC+}
147616 | Zig:27   | Identified the staff of Foun {rPois Int+3 Alchemy}
147911 | Zot:5    | Got the Orb of Zot
148419 | D:4      | Noticed Qicaboa the pandemonium lord
148419 | D:4      | Noticed an ancient lich
148443 | D:$      | Escaped with the Orb!

Illustrated notes

Levels and vault maps discovered:
D:1:      heliophobic_arrival_dark_side_of_the_moon, layout_loops_corners,
          minmay_pentomino_q2
D:2:      layout_basic
D:3:      layout_loops_ring, gammafunk_temple_of_torment, serial_shops, shop,
          hellmonk_ghost_happy_afterlife
D:4:      layout_layer_cave, general_overflow_altar, grunt_ministairs_12,
          serial_bayou_pond_b
D:5:      layout_cave_pools, kennysheep_little_box,
          gammafunk_temple_overflow_pools, serial_shops,
          nicolae_shop_tiny_glass, minmay_fractal_squares_diagonal_5,
          uniq_menkaure, uniq_sigmund
D:6:      layout_loops_ring, fedhas_altar_2, kennysheep_mini,
          minmay_temple_entry_slanted
D:7:      layout_cave_pods, mainiacjoe_overflow_small_starburst
D:8:      layout_loops_corners, minmay_lair_entry_grove, serial_shops,
          nicolae_shop_rolled_up
D:9:      layout_cross, overflow_temple_1_default, nrook_campfire,
          nicolae_custom_books, uniq_jeremiah
D:10:     layout_layer_cave, orc_david_3, lightli_wizard_tower
D:11:     layout_basic, nicolae_water_bricks, uniq_erica, uniq_grum, uniq_snorg,
          uniq_sonja
D:12:     layout_basic, disabler_island
D:13:     layout_stronghold, grunt_vaults_entry_tiered
D:14:     layout_loops_ring, chequers_serial_rivers_small_3
D:15:     gammafunk_enter_depths_forms, layout_basic, serial_shops, shop,
          gauntlet_entry_generic, roderic_serpentine_path
Temple:   hellmonk_temple_forest_ring
Lair:1:   layout_regular_city, serial_bayou_pond_e, pond, grunt_megastairs_3,
          serial_bayou_shore_a, lemuel_fruit_tree, uniq_joseph
Lair:2:   statuecave_lemuel, layout_gridlike,
          mainiacjoe_shoals_entry_four_pools, dummy_spider_entry
Lair:3:   layout_regular_city, ebering_ghost_reflecting_pool,
          infiniplex_staircase_pool, lemuel_fruit_fields, grunt_megastairs_5,
          serial_bayou_shore_b, uniq_rupert
Lair:4:   layout_loops_ring, slime_entry_1, minivault_19,
          pdpol_lair_neglected_garden
Lair:5:   hangedman_lair_in_review, layout_big_grid, guppyfry_lair_end_dragon
Shoals:1: layout_shoals, serial_shops, nicolae_shop_trees, ldierk_geyser
Shoals:2: layout_shoals
Shoals:3: layout_shoals
Shoals:4: shoals_end_grunt_garden, layout_shoals
Spider:1: layout_spider_delve, uniq_donald
Spider:2: cheibrodos_spider_deadly_dance
Spider:3: layout_chambers, nicolae_spider_acid_house
Spider:4: guppyfry_spider_rune, ebering_ghost_rock_garden, uniq_mlioglotl
Slime:1:  layout_caves
Slime:2:  layout_caves
Slime:3:  layout_caves
Slime:4:  cheibrodos_slime_lost_civilization_9, layout_caves
Slime:5:  slime_pit_nicolae_jellycorners
Orc:1:    dreamdust_wu_jian_sword_trials, layout_caves
Orc:2:    pf_orc_diabolical, layout_diamond_mine, serial_shops, shop, shop,
          nicolae_shop_bloodbath_and_beyond, basic_altar, special_room
Elf:1:    layout_loops_corners, serial_shops, nicolae_shop_statue_plus,
          minivault_28, hex_medium, minmay_shop_grove
Elf:2:    nicolae_elf_blades_crystal_corner, layout_geoelf_octagon, uniq_agnes
Elf:3:    grunt_elf_hall_branching, layout_geoelf_castle,
          nicolae_elf_variegated_diamond
Vaults:1: vaults_room_grunt_arrival_checkpoint, nicolae_vaults_quartermaster,
          ontoclasm_vaults_misaligned, nicolae_vaults_shelves_hall, v_misc_28,
          v_pattern_2, ontoclasm_vaults_loading_screen,
          nicolae_vaults_border_crossing, layout_vaults_quadrants, serial_shops,
          shop, shop, shop, uniq_boris, uniq_saint_roka
Vaults:2: nicolae_vaults_shipping_containers_1, v_misc_24,
          dpeg_vaults_monster_box, hangedman_vaults_corner,
          minmay_crypt_entry_simple_walls, nicolae_vaults_storage_closets_1,
          nicolae_vaults_prndl, nicolae_vaults_closet_pinwheel_5,
          nicolae_vaults_cochlea, nicolae_vaults_diamond_1,
          vaults_mumra_minichess_inversion, nicolae_vaults_trapezoid_3,
          vaults_room_corners, serial_library_regret_index_small_wings,
          ontoclasm_vaults_ring_small, nicolae_vaults_double_plus_3,
          ontoclasm_vaults_twist, layout_vaults_omnibox, serial_shops,
          uniq_nikola, uniq_mara
Vaults:3: mu_enter_wizlab_3, hangedman_vaults_locks, v_misc_1,
          nicolae_vaults_storage_room_doors, nicolae_vaults_tetromino_Z_1,
          vaults_standard_mumra_x, nicolae_vaults_hexular_roomagon,
          vaults_dpeg_ring, layout_vaults_big_room, serial_shops,
          nicolae_shop_rolling_square
Vaults:4: gammafunk_ghost_grave, v_pattern_3, hangedman_vaults_cutoff,
          nicolae_vaults_sightless_eye, nicolae_vaults_ellipses_ellipsis,
          nicolae_vaults_heart-shaped_vault, nicolae_vaults_surprise_closet,
          ontoclasm_vaults_loading_screen, nicolae_vaults_storage_room_water,
          nicolae_vaults_house_2, vaults_room_pools, nicolae_vaults_rhombus_6,
          layout_vaults_maze_bifur, serial_magic_research,
          hangedman_research_thermodynamics, hangedman_research_electronics,
          hangedman_research_pyrotechnics, hangedman_research_convocations,
          hangedman_research_toxicology, uniq_bai_suzhen
Vaults:5
Crypt:1:  lemuel_vampire_tower, layout_rooms, columned_hall_lemuel
Crypt:2:  layout_basic, serial_co_window_serial, co_window_corner_a,
          co_window_corner_a, co_window_paths_a, co_window_corner_a,
          co_window_paths_a, co_window_broadway_b, co_window_broadway_a,
          co_window_of_opportunity_b, co_window_of_opportunity_b,
          co_window_of_opportunity_b, glass_columns_a, basic_altar,
          amcnicky_mini_corridor_feature
Crypt:3:  quadcrypt_mu
Depths:1: layout_basic, minmay_misc_feat_iff, hangedman_tar_grid_catacomb,
          nicolae_ru_great_annihilating_truth, roderic_lattice_octagonal_star,
          grunt_megastairs_2
Depths:2: evilmike_diamond_1, layout_basic, enter_ziggurat_f,
          grunt_hell_entry_dis_grunt, grunt_pan_entry_spiral,
          nicolae_trove_entry_path_of_doom, moated_statue, minmay_holes,
          dreamdust_looks_like_rain, infiniplex_staircase_trident
Depths:3: radiant_caverns_a_rkd, pan_entry, abyss_entry, hell_entry,
          uniq_norris, uniq_grunn
Depths:4: grunt_zot_entry_hairpin, layout_gridlike, corexii_leaking_fountain,
          pan_entry, hell_entry
Hell
Zot:1:    layout_gridlike, hangedman_zot_decor_checkerboard,
          regret_index_zotdec_carving_tricks
Zot:2:    layout_onion
Zot:3:    layout_gridlike
Zot:4:    hellmonk_crystal_mountain, layout_basic, nicolae_lava_and_water,
          uniq_parghit
Zot:5:    layout_basic

Skill      XL: |  1  2  3  4  5  6  7  8  9 10 11 12 13 14 15 16 17 18 19 20 21 22 23 24 25 26 27 |
---------------+----------------------------------------------------------------------------------+-----
Conjurations   | 2 3 5 6 9 10 12 13 14 15 16 18 21 23 25 27 | 27.0
Spellcasting   | 3 4 5 7 8 11 13 14 15 16 17 18 19 27 | 27.0
Air Magic      | 4 5 7 8 11 14 15 17 18 20 21 22 27 | 27.0
Ice Magic      | 6 8 9 10 12 14 17 21 22 23 27 | 27.0
Evocations     | 1 2 5 6 11 27 | 27.0
Summonings     | 1 3 |  3.0
Fighting       | 2 3 5 9 13 16 17 27 | 27.0
Dodging        | 2 5 |  5.0
Shields        | 7 11 14 15 16 18 19 20 21 | 21.4
Translocations | 1 3 |  3.0
Alchemy        | 3 |  3.0
Necromancy     | 2 10 | 10.0
Throwing       | 19 | 19.7
Staves         | 12 | 12.0
Stealth        | |  1.7

Action                     |  1- 3 |  4- 6 |  7- 9 | 10-12 | 13-15 | 16-18 | 19-21 | 22-24 | 25-27 || total
---------------------------+-------+-------+-------+-------+-------+-------+-------+-------+-------++-------
  Melee: Mace              |     3 |       |       |       |       |       |       |       |       ||     3
         Short sword       |     3 |    20 |    24 |    18 |     3 |     4 |       |       |       ||    72
         Tailslap          |       |     3 |     4 |     4 |     4 |     2 |       |       |     8 ||    25
         Staff             |       |       |       |       |     4 |       |       |     1 |    33 ||    38
         Morningstar       |       |       |       |       |       |       |     1 |       |       ||     1
  Throw: Stone             |       |     1 |       |       |       |       |       |       |       ||     1
         Dart              |       |     7 |    22 |     7 |       |       |     2 |       |       ||    38
         Throwing net      |       |       |       |     1 |       |       |       |       |     3 ||     4
         Boomerang         |       |       |       |       |     1 |     5 |     1 |     8 |    29 ||    44
         Javelin           |       |       |       |       |       |       |       |       |     9 ||     9
   Cast: Shock             |    75 |    46 |    91 |    46 |    76 |     5 |       |       |       ||   339
         Static Discharge  |    11 |    36 |   107 |    30 |    18 |       |       |       |       ||   202
         Swiftness         |       |       |     2 |     7 |    14 |    10 |    16 |    11 |    12 ||    72
         Freezing Cloud    |       |       |     4 |    82 |   112 |    12 |     8 |     2 |     3 ||   223
         Airstrike         |       |       |       |    73 |   185 |    19 |       |       |       ||   277
         Summon Ice Beast  |       |       |       |     7 |     1 |       |       |       |       ||     8
         Ozocubu's Refrige |       |       |       |       |   191 |   595 |   603 |   344 |    83 ||  1816
         Maxwell's Capacit |       |       |       |       |     8 |    43 |    97 |    86 |   361 ||   595
         Irradiate         |       |       |       |       |       |    16 |    18 |       |     4 ||    38
         Conjure Ball Ligh |       |       |       |       |       |     4 |       |       |       ||     4
         Arcjolt           |       |       |       |       |       |       |    11 |    38 |    73 ||   122
         Orb of Destructio |       |       |       |       |       |       |     6 |   235 |   742 ||   983
         Chain Lightning   |       |       |       |       |       |       |       |    56 |  1030 ||  1086
         Blink             |       |       |       |       |       |       |       |     1 |     1 ||     2
         Polar Vortex      |       |       |       |       |       |       |       |     1 |    27 ||    28
         Sublimation of Bl |       |       |       |       |       |       |       |       |    21 ||    21
         Apportation       |       |       |       |       |       |       |       |       |   112 ||   112
Ability: Breathe Frost     |       |       |       |     1 |       |     2 |     5 |       |       ||     8
         Evoke Invisibilit |       |       |       |       |       |       |       |       |     7 ||     7
  Evoke: Wand              |       |       |       |     1 |     1 |    12 |    12 |     4 |    41 ||    71
         Phial of floods   |       |       |       |     1 |       |       |     1 |       |       ||     2
         Lightning rod     |       |       |       |       |       |     6 |     6 |     4 |     6 ||    22
         Tin of tremorston |       |       |       |       |       |       |       |       |     9 ||     9
         Box of beasts     |       |       |       |       |       |       |       |       |     6 ||     6
         Horn of Geryon    |       |       |       |       |       |       |       |       |     4 ||     4
         Phantom mirror    |       |       |       |       |       |       |       |       |     2 ||     2
    Use: Potion            |     1 |       |     3 |     1 |     4 |    11 |     7 |    12 |    94 ||   133
         Scroll            |       |     5 |    11 |     8 |    11 |    14 |     9 |     8 |    30 ||    96
   Stab: Sleeping          |       |       |     2 |       |       |       |       |       |       ||     2
 Armour: Skin              |    16 |    61 |   205 |    98 |   171 |   175 |   207 |   272 |   889 ||  2094
  Dodge: Dodged            |    17 |    24 |    47 |    27 |    44 |    82 |    58 |    77 |   194 ||   570
  Block: Kite shield       |       |       |       |       |       |    43 |   155 |   133 |   354 ||   685
